 Dungeon Crawl Stone Soup version 0.30-a0-141-g30f27751c5 (webtiles) character file.

Game seed: 7966813745911979463

536262 qw the Slayer (level 25, -14/181 HPs)
             Began as a Gargoyle Fighter on Sept 24, 2022.
             Was a High Priest of Okawaru.
             Killed from afar by an orb of fire (70 damage)
             ... with a fireball
             ... on level 1 of the Realm of Zot.
             The game lasted 00:27:41 (49721 turns).

qw the Slayer (Gargoyle Fighter)                   Turns: 49721, Time: 00:27:41

Health: -14/181    AC: 63    Str: 29 (30) XL:     25   Next: 82%
Magic:  24/30      EV: 16    Int: 14      God:    Okawaru [*****.]
Gold:   4907       SH: 39    Dex: 11      Spells: 24/24 levels left

rFire   . . .      SeeInvis +    j - +8 mithril axe "Arga" {speed, Will+}
rCold   + + +      Faith    .    n - +10 tower shield of the Verdant God {Dex+4}
rNeg    + . .      Spirit   .    K - +1 gold dragon scales
rPois   inf        Reflect  +    v - +2 hat {Stlth+}
rElec   +          Harm     .    g - +2 cloak of Death's Door {rElec Regen+ SInv}
rCorr   +          Rampage  .    k - +3 pair of gauntlets of War {Slay+5}
Will    ++...                    m - +3 pair of mountain boots {steadfast, rC+}
Stlth   ..........               b - amulet "Qieqex" {Reflect rC+ Int+3 SH+5}
HPRegen 1.20/turn                h - +4 ring of slaying {mikee}
MPRegen 0.22/turn                q - +4 ring of evasion

@: resistant, heroic, finesse-ful, flying
A: sickness immunity, AC +19, big wings, negative energy resistance 1,
electricity resistance, torment resistance 1, petrification resistance, horns 1,
clumsy 1, deterioration 1, heat vulnerability 2
}: 3/15 runes: barnacled, silver, gossamer
a: Renounce Religion, Heroism, Finesse, Duel


You were on level 1 of the Realm of Zot.
You worshipped Okawaru.
Okawaru was extremely pleased with you.
You visited 9 branches of the dungeon, and saw 42 of its levels.
You visited the Abyss 1 time.
You also visited: Ossuary.

You collected 7554 gold pieces.
You spent 2647 gold pieces at shops.


Innate Abilities, Weirdness & Mutations

You are immune to sickness and miasma.
Your stone body is resilient. (AC +19)
You are immune to poison.
Your large and strong wings let you fly.
You resist negative energy. (rN+)
You are resistant to electric shocks. (rElec)
You are resistant to unholy torment.
You are immune to petrification.
You have a pair of small horns on your head.
You are clumsy. (Dex -2)
Your body sometimes deteriorates upon taking damage.
You are very vulnerable to heat. (rF--)


   Skills:
 + Level 25.0(27) Fighting
 - Level 18.0(23.0) Axes
 - Level 15.1(20.1) Throwing
 - Level 22.1(27) Armour
 - Level 8.1(13.1) Dodging
 - Level 22.0(27) Shields
 - Level 10.1 Invocations


You had 24 spell levels left.
You didn't know any spells.
Your spell library was empty.

Inventory:

Hand Weapons
 j - the +8 mithril axe "Arga" (weapon) {speed, Will+}
   (You acquired it on level 2 of the Spider Nest)

   Attacks with this weapon are significantly faster.
   Will:      It increases your willpower.
Missiles
 p - 54 boomerangs
 z - 9 silver javelins (quivered)
 G - 16 javelins
 I - 5 silver boomerangs
Armour
 g - the +2 cloak of Death's Door (worn) {rElec Regen+ SInv}
   (Okawaru gifted it to you on level 9 of the Dungeon)

   rElec:     It insulates you from electricity.
   SInv:      It lets you see invisible.
   Regen:     It increases your rate of health regeneration.
 k - the +3 pair of gauntlets of War (worn) {Slay+5}
   (You acquired it on level 13 of the Dungeon)

   Slay:      It affects your accuracy & damage with ranged weapons and melee
   (+5).
 m - the +3 pair of mountain boots (worn) {steadfast, rC+}
   (You bought it in a shop on level 9 of the Dungeon)

   It prevents involuntary movement, except for blinking, teleportation, or
   banishment.
   rC:        It protects you from cold.
 n - the +10 tower shield of the Verdant God (worn) {Dex+4}
   (Okawaru gifted it to you on level 3 of the Lair of Beasts)

   Dex:       It affects your dexterity (+4).
 v - a +2 hat of stealth (worn)
 w - a scarf of resistance
 y - the +0 pair of gloves of the Mind {rC+ Will+ rCorr Dex+2}
   (You found it on level 5 of the Lair of Beasts)

   Dex:       It affects your dexterity (+2).
   rC:        It protects you from cold.
   rCorr:     It protects you from acid and corrosion.
   Will:      It increases your willpower.
 E - the +14 plate armour of Tudaetej {Drain rPois rF- rN+++}
   (Okawaru gifted it to you on level 4 of the Spider Nest)

   rF:        It makes you vulnerable to fire.
   rPois:     It protects you from poison.
   rN:        It renders you almost immune to negative energy.
   Drain:     It drains your maximum health when unequipped.
 H - the +1 plate armour of Peatuttoph {Rampage rC+ rCorr}
   (You bought it in a shop on level 2 of the Orcish Mines)

   rC:        It protects you from cold.
   rCorr:     It protects you from acid and corrosion.
   Rampage:   It bestows one free step when moving towards enemies.
 K - +1 gold dragon scales (worn)
Jewellery
 b - the amulet "Qieqex" (around neck) {Reflect rC+ Int+3 SH+5}
   (You found it on level 4 of the Vaults)

   [amulet of reflection]

   It reflects blocked missile attacks.
   Int:       It affects your intelligence (+3).
   rC:        It protects you from cold.
   SH:        It affects your SH (+5).
 h - a +4 ring of slaying (left hand) {mikee}
 q - a +4 ring of evasion (right hand)
 B - a ring of ice
 C - a ring of protection from fire
 F - the ring of Toligaruno {*Corrode rF- rC+ rN+ Int+7}
   (You took it off a tengu reaver on level 2 of the Depths)

   [ring of positive energy]

   Int:       It affects your intelligence (+7).
   rF:        It makes you vulnerable to fire.
   rC:        It protects you from cold.
   rN:        It protects you from negative energy.
   *Corrode:  It may corrode you when you take damage.
 J - the ring "Pahih" {Ice *Slow MP+9 Int+8 Dex+4}
   (You found it on level 4 of the Depths)

   [ring of ice]

   It enhances your ice magic.
   Int:       It affects your intelligence (+8).
   Dex:       It affects your dexterity (+4).
   rF:        It makes you vulnerable to fire.
   rC:        It protects you from cold.
   MP:        It affects your magic capacity (+9).
   *Slow:     It may slow you when you take damage.
 Y - a ring of protection from fire
Wands
 D - a wand of digging (19)
Scrolls
 o - 19 scrolls of identify
 s - a scroll of brand weapon
 x - 8 scrolls of teleportation
 A - 3 scrolls of enchant weapon
Potions
 a - 15 potions of lignification
 c - 12 potions of mutation
 d - 6 potions of might
 e - 12 potions of haste
 f - 24 potions of curing
 i - 5 potions of heal wounds
 l - 12 potions of attraction
 r - 3 potions of cancellation
 t - 4 potions of resistance
 u - 8 potions of magic

Dungeon Overview and Level Annotations

Branches:
Dungeon (15/15)            Temple (1/1) D:5            Lair (5/5) D:9
 Shoals (4/4) Lair:2       Spider (4/4) Lair:2        Slime (0/5) Lair:5
    Orc (2/2) D:9             Elf (0/3) Orc:2        Vaults (5/5) D:14
  Crypt (0/3) Vaults:2     Depths (4/4) D:15            Zot (2/5) Depths:4
Ossuary (visited)

Altars:
Ashenzari
Cheibriados
Dithmenos
Elyvilon
Fedhas
Gozag
Hepliaklqana
Kikubaaqudgha
Makhleb
Nemelex Xobeh
Okawaru
Qazlal
Ru
Sif Muna
Trog
Uskayaw
Vehumet
Wu Jian
Xom
Yredelemnul
Zin
The Shining One

Shops:
D:4 *   D:9 [   D:11 *   D:15 [   Orc:2 [[?[   Shoals:2 (   Vaults:4 =

Portals:
Hell: Depths:1 Depths:2 Depths:3 Depths:4
Abyss: Depths:1 Depths:2 Depths:3
Pandemonium: Depths:2 Depths:4
Ziggurat: Depths:3

Annotations:
D:7 2 transporters
D:9 4 runed translucent doors
Lair:3 3 runed translucent doors, Sadonosm's ghost, journeyman DgSk


Message History

The bolt of fire misses you.
You closely miss the orb of fire. Your headbutt misses the orb of fire.
You slice the orb of fire!!
The orb of fire is moderately damaged.
You miss the orb of fire.
The orb of fire is moderately damaged.
The orb of fire glows yellow.
The bolt of fire hits you!!
You miss the orb of fire. Your headbutt misses the orb of fire.
The orb of fire is moderately damaged.
You hit the orb of fire. You headbutt the orb of fire!!
The orb of fire is moderately damaged.
You closely miss the orb of fire. Your headbutt misses the orb of fire.
The orb of fire is moderately damaged.
You completely miss the orb of fire. Your headbutt misses the orb of fire.
The orb of fire is moderately damaged.
You slice the orb of fire!! Your headbutt misses the orb of fire.
The orb of fire is heavily damaged.
You hit the orb of fire.
The orb of fire is heavily damaged.
You barely miss the orb of fire. Your headbutt misses the orb of fire.
The orb of fire is heavily damaged.
You closely miss the orb of fire.
The orb of fire is heavily damaged.
You hit the orb of fire but do no damage.
You headbutt the orb of fire!
The orb of fire is heavily damaged.
You barely miss the orb of fire.
The orb of fire is heavily damaged.
You slice the orb of fire!! Your headbutt misses the orb of fire.
The orb of fire is severely damaged.
You slash the orb of fire! Your headbutt misses the orb of fire.
The orb of fire is severely damaged.
You slice the orb of fire!! You headbutt the orb of fire.
The orb of fire is almost destroyed.
You barely miss the orb of fire. Your headbutt misses the orb of fire.
The orb of fire is almost destroyed.
The orb of fire emits a lurid red light.
The fireball explodes!
The fireball engulfs you!!!
You die...

.
################...
#..................
#.........@*.......
#..###########.....
###..# ..# #....# #
#....# #....#
###..# #..# #..#


You could see an orb of fire.

Vanquished Creatures
  Tiamat (Zot:1)
  An ancient lich (Vaults:5)
  Sojobo (Depths:2)
  Saint Roka (Depths:4)
  Bai Suzhen (Depths:1)
  6 caustic shrikes
  5 golden dragons
  A Hell Sentinel (Abyss:3)
  Jorgrun (Spider:3)
  10 tentacled monstrosities
  Rupert (D:15)
  4 walking crystal tomes
  2 walking divine tomes (Depths:3)
  A lich (Depths:3)
  8 titans
  3 quicksilver dragons
  2 krakens
  A tentacled starspawn (Abyss:3)
  Polyphemus (Shoals:4)
  Kirke (Shoals:1)
  2 death cobs (Zot:2)
  6 sphinxes
  Agnes (D:15)
  12 tengu reavers
  3 storm dragons
  3 draconian monks
  6 shadow dragons
  Roxanne (Shoals:1)
  A deep elf sorcerer (Vaults:5)
  4 draconian knights
  15 fire giants
  3 iron dragons
  A fenstrider witch (Depths:1)
  Donald (Shoals:2)
  21 frost giants
  A draconian scorcher (Zot:2)
  13 vault wardens
  6 ghost moths
  8 emperor scorpions (Spider:4)
  3 draconian shifters
  A balrug (Zot:1)
  Aizul (Vaults:1)
  6 draconian annihilators
  A deep elf elementalist (Depths:1)
  20 ironbound preservers
  4 orc warlords
  2 spriggan defenders (Depths:4)
  48 very ugly things
  4 broodmothers
  4 draconian stormcallers
  6 ironbound thunderhulks
  11 stone giants
  2 deep elf demonologists (Vaults:5)
  2 eleionomae (Depths:1)
  5 black draconians
  A minotaur (shapeshifter) (Depths:3)
  8 red draconians
  16 green draconians
  9 dire elephants
  10 spark wasps
  6 purple draconians
  12 white draconians
  13 yellow draconians
  Snorg (D:14)
  A blizzard demon (Depths:4)
  11 fire dragons
  A crystal guardian (Vaults:4)
  11 ettins
  Josephine (Spider:1)
  A green death (Zot:1)
  2 jiangshi (Depths:1)
  A deep elf high priest (Vaults:5)
  6 merfolk javelineers
  15 yaktaur captains
  9 merfolk impalers
  6 entropy weavers
  11 ice dragons
  8 hydras
  4 rakshasas
  34 vault guards
  10 spriggan air magi
  2 jorogumos
  A peacekeeper (Vaults:4)
  2 ogre magi
  3 salamander tyrants (Depths:1)
  Erica (D:11)
  2 alligator snapping turtles
  19 centaur warriors
  2 catoblepae
  3 great orbs of eyes
  7 merfolk aquamancers
  A satyr (Shoals:4)
  7 boulder beetles
  2 radroaches (Spider:4)
  3 merfolk avatars (Shoals:2)
  A catoblepas (shapeshifter) (Vaults:3)
  3 death yaks
  4 ironbound frosthearts
  A two-headed ogre (shapeshifter) (Depths:2)
  14 two-headed ogres
  An alligator (Lair:5)
  8 deep troll shamans
  8 tengu warriors
  Urug (Lair:2)
  16 deep troll earth magi
  A vampire mage (Depths:1)
  5 orc high priests (Orc:2)
  12 spriggan berserkers
  Sonja (Lair:2)
  9 hell knights
  A sixfirhy (Depths:4)
  2 wretched stars (Abyss:3)
  6 skeletal warriors (D:12)
  Amaemon (D:8)
  4 iron trolls
  A sun moth (Spider:2)
  A fire crab (shapeshifter) (D:15)
  4 pharaoh ants
  72 deep trolls
  A spatial maelstrom (Abyss:3)
  An orb spider (shapeshifter) (Depths:3)
  6 glowing orange brains
  11 sea snakes
  8 orb spiders
  9 steelbarb worms
  An obsidian statue (Vaults:4)
  7 wizards
  22 harpies
  Pikel (D:5)
  11 orc knights
  13 ironbound convokers
  5 flayed ghosts
  6 large abominations (Abyss:3)
  12 lindwurms
  3 phantasmal warriors
  3 necromancers
  2 deep elf pyromancers (D:14)
  An oklob plant (Lair:4)
  19 wolf spiders
  8 manticores
  A salamander (shapeshifter) (D:15)
  16 fauns
  7 orc sorcerers
  10 cyclopes
  2 salamanders
  38 ugly things
  5 elephants (Lair:4)
  10 merfolk sirens
  13 moths of wrath
  2 black mambas
  3 human skeletons
  Joseph (D:10)
  14 vault sentinels
  A rust devil (Depths:4)
  2 smoke demons
  An ice statue (D:10)
  14 cane toads
  An orange demon (D:8)
  9 water nymphs
  A gargoyle (D:12)
  Maggie (D:8)
  12 rime drakes
  4 unseen horrors
  9 torpor snails
  A freezing wraith (D:15)
  2 kobold demonologists (D:10)
  35 yaktaurs
  8 demonic crawlers
  A cane toad (shapeshifter) (D:15)
  Psyche (D:11)
  An efreet (D:15)
  13 komodo dragons
  A yaktaur (shapeshifter) (D:15)
  3 tengu conjurers
  A wind drake (Shoals:4)
  6 ice devils
  A polar bear (shapeshifter) (D:14)
  31 merfolk
  10 polar bears
  8 trolls
  4 hornets
  3 meliai (D:15)
  A queen bee (shapeshifter) (Depths:3)
  A hornet (shapeshifter) (D:14)
  9 blink frogs
  A wolf spider simulacrum (D:15)
  5 raiju
  31 tarantellas
  A dream sheep (shapeshifter) (Vaults:4)
  23 slime creatures
  An ettin zombie (Vaults:3)
  14 snapping turtles
  28 jumping spiders
  8 dream sheep
  Sigmund (D:3)
  8 water elementals
  A shadow (D:12)
  21 culicivoras
  38 yaks
  5 basilisks
  5 spriggans
  2 humans
  4 wraiths
  4 wyverns
  A fire elemental (Abyss:3)
  An elf simulacrum (Vaults:2)
  6 fire bats
  6 hogs
  Eustachio (D:4)
  50 redbacks
  11 steam dragons
  A neqoxec (Abyss:3)
  13 vampire mosquitoes
  Menkaure (D:5)
  14 wargs
  A spatial vortex (Abyss:3)
  A glowing shapeshifter zombie (Vaults:2)
  2 acid dragons (D:14)
  14 water moccasins
  14 hell hounds (Lair:5)
  An ice beast (Abyss:3)
  16 black bears
  36 orc warriors
  21 ogres
  34 wolves
  5 centaurs
  2 boggarts (D:14)
  A lemure (D:5)
  7 kobold brigands
  An elf zombie (Ossuary)
  2 necrophages
  14 bullfrogs
  2 scorpions (D:4)
  6 gnoll sergeants
  10 wights
  2 small abominations (Abyss:3)
  19 killer bees
  4 electric eels
  4 crimson imps (D:5)
  2 hounds (D:7)
  A human zombie (Ossuary)
  6 jellies
  36 orc priests
  An iron imp (Abyss:3)
  A gnoll bouda (D:8)
  5 iguanas
  25 orc wizards
  4 hell rats (Lair:5)
  2 hound zombies (Ossuary)
  4 mummies (Ossuary)
  Robin (D:3)
  22 gnolls
  5 adders
  A shadow imp (D:6)
  3 white imps
  8 ufetubi
  An adder zombie (Ossuary)
  A worm (D:2)
  5 dart slugs
  96 orcs
  8 ball pythons
  4 bats
  21 endoplasms
  4 giant cockroaches
  13 hobgoblins
  5 jackals (D:2)
  27 kobolds
  8 quokkas
  4 frilled lizards
  11 goblins
  A goblin zombie (D:7)
  2 hobgoblin zombies (Ossuary)
  A kobold zombie (Ossuary)
  4 orc zombies (Ossuary)
  10 rats
  A lurking horror (Abyss:3)
  2 starspawn tentacles (Abyss:3)
  7 tentacles
2076 creatures vanquished.

Vanquished Creatures (others)
  Asterion (Vaults:1)
  A wizard (D:15)
  A rime drake (Lair:5)
  A yaktaur (Vaults:1)
  An orc warrior (Orc:2)
  An orc priest (Orc:2)
  An orc (Vaults:5)
  A fire vortex (Lair:2)
  23 fungi
  92 plants
  11 tentacles
134 creatures vanquished.

Grand Total: 2210 creatures vanquished

Notes
Turn   | Place    | Note
-------+----------+-------------------------------------------
     0 | D:1      | qw the Gargoyle Fighter began the quest for the Orb.
     0 | D:1      | Reached XP level 1. HP: 14/14 MP: 1/1
     0 | D:1      | 0 ||| qw: Version: 0.1.0-9-gbc19398
     0 | D:1      | 0 ||| qw: Game counter: 64
     0 | D:1      | 0 ||| qw: Always use a shield: true
     0 | D:1      | 0 ||| qw: God list: Okawaru
     0 | D:1      | 0 ||| qw: Allow faded altars: false
     0 | D:1      | 0 ||| qw: Do Orc after D:15 true
     0 | D:1      | 0 ||| qw: Do second Lair branch before Depths: true
     0 | D:1      | 0 ||| qw: Lair rune preference: random
     0 | D:1      | 0 ||| qw: Plans: Normal, Zot:1-4, God:TSO, Crypt, Tomb,
                  | Pan, Slime:5, Hells, Abyss, Orb
     0 | D:1      | 0 ||| PLANNING D:1-11
   217 | D:1      | Reached XP level 2. HP: 9/19 MP: 2/2
   615 | D:1      | Reached skill level 3 in Axes
   627 | D:1      | Reached XP level 3. HP: 23/23 MP: 3/3
  1285 | D:1      | 1285 ||| UPGRADING to +0 cloak.
  1290 | D:1      | 1290 ||| UPGRADING to +4 ring of slaying {mikee}.
  1291 | D:1      | 1291 ||| READING scroll labelled UCRYVI YTITUIQAIRPH.
  1292 | D:1      | 1292 ||| READING scroll labelled OJONOH LETE.
  1390 | D:2      | 1390 ||| Stepping ~*~*~tactically~*~*~ (hiding).
  1465 | D:2      | Found a faded altar of an unknown god.
  1493 | D:2      | 1493 ||| Stepping ~*~*~tactically~*~*~ (stealth).
  1498 | D:2      | Identified the +1 plate armour of Idealism {*Corrode rN+
                  | Will+}
  1515 | D:2      | Reached XP level 4. HP: 23/28 MP: 4/4
  1685 | D:2      | 1685 ||| Stepping ~*~*~tactically~*~*~ (stealth).
  1867 | D:2      | 1867 ||| Stepping ~*~*~tactically~*~*~ (stealth).
  2269 | D:2      | 2269 ||| UPGRADING to +1 plate armour of Idealism {*Corrode
                  | rN+ Will+}.
  2279 | D:2      | 2279 ||| DROPPING +0 scale mail.
  2280 | D:2      | 2280 ||| READING scroll labelled FEUNIN DU RUKA.
  2281 | D:2      | 2281 ||| READING scroll labelled LATZEM BELE.
  2282 | D:2      | 2282 ||| DRINKING 2 fuming white potions.
  2327 | D:2      | 2327 ||| DRINKING 2 sedimented green potions.
  2460 | D:3      | 2460 ||| Stepping ~*~*~tactically~*~*~ (stealth).
  2463 | D:3      | Noticed Robin
  2465 | D:3      | Reached skill level 1 in Throwing
  2480 | D:3      | Killed Robin
  2486 | D:3      | Reached XP level 5. HP: 23/32 MP: 5/5
  2488 | D:3      | Noticed Sigmund
  2502 | D:3      | Killed Sigmund
  2503 | D:3      | Reached XP level 6. HP: 24/37 MP: 6/6
  3055 | D:3      | 3055 ||| UPGRADING to +0 helmet.
  3060 | D:3      | 3060 ||| UPGRADING to +1 pair of boots.
  3065 | D:3      | 3065 ||| UPGRADING to +6 ring of dexterity.
  3066 | D:3      | 3066 ||| READING scroll labelled YGHUXI APPU.
  3067 | D:3      | 3067 ||| READING scroll labelled VEM COF LAFRIDD.
  3068 | D:3      | 3068 ||| DRINKING 2 clear potions.
  3173 | D:3      | 3173 ||| DRINKING 2 bubbling pink potions.
  3173 | D:3      | Gained mutation: You occasionally lose the ability to drink
                  | potions when taking damage. [potion of mutation]
  3173 | D:3      | Gained mutation: Your magical capacity is low. (-10% MP)
                  | [potion of mutation]
  3173 | D:3      | Gained mutation: Your mind is acute. (Int +4, Str/Dex -1)
                  | [potion of mutation]
  3174 | D:3      | 3174 ||| DRINKING potion of mutation.
  3174 | D:3      | Lost mutation: You occasionally lose the ability to drink
                  | potions when taking damage. [potion of mutation]
  3174 | D:3      | Lost mutation: Your magical capacity is low. (-10% MP)
                  | [potion of mutation]
  3174 | D:3      | Lost mutation: Your mind is acute. (Int +4, Str/Dex -1)
                  | [potion of mutation]
  3174 | D:3      | Gained mutation: You are occasionally teleported next to
                  | monsters. [potion of mutation]
  3174 | D:3      | Gained mutation: You have sharp toenails. [potion of
                  | mutation]
  3174 | D:3      | Gained mutation: You have hidden genetic potential. [potion
                  | of mutation]
  3184 | D:3      | 3184 ||| READING 3 scrolls of identify.
  3184 | D:3      | 3184 ||| IDENTIFYING viscous yellow potion
  3185 | D:3      | 3185 ||| DROPPING potion of berserk rage.
  3186 | D:3      | 3186 ||| DROPPING potion of degeneration.
  3316 | D:4      | Reached skill level 1 in Dodging
  3378 | D:4      | Reached skill level 4 in Fighting
  3451 | D:4      | Reached XP level 7. HP: 43/43 MP: 7/7
  3473 | D:4      | 3473 ||| Stepping ~*~*~tactically~*~*~ (stealth).
  3475 | D:4      | Noticed Eustachio
  3476 | D:4      | 3476 ||| Stepping ~*~*~tactically~*~*~ (stealth).
  3494 | D:4      | Killed Eustachio
  3495 | D:4      | Reached skill level 6 in Axes
  3860 | D:4      | Found Wylottet's General Store.
  4216 | D:4      | Found a burning altar of Makhleb.
  4216 | D:4      | Noticed a green death
  4219 | D:4      | Noticed a ynoxinul
  4219 | D:4      | Noticed an orange demon
  4220 | D:4      | 4220 ||| READING scroll labelled SUEHEI DUSEILA.
  4225 | D:4      | 4225 ||| READING scroll labelled LEJ IGOTSO.
  4226 | D:4      | 4226 ||| READING 3 scrolls of identify.
  4226 | D:4      | 4226 ||| IDENTIFYING coppery potion
  4227 | D:4      | 4227 ||| READING 2 scrolls of identify.
  4227 | D:4      | 4227 ||| IDENTIFYING fuming green potion
  4228 | D:4      | 4228 ||| DROPPING potion of brilliance.
  4243 | D:5      | Entered Level 5 of the Dungeon
  4268 | D:5      | Found a shimmering altar of Xom.
  4277 | D:5      | 4277 ||| Stepping ~*~*~tactically~*~*~ (hiding).
  4334 | D:5      | Found a staircase to the Ecumenical Temple.
  4335 | D:5      | 4335 ||| PLANNING TEMPLE
  4339 | Temple   | Entered the Ecumenical Temple
  4407 | Temple   | 4407 ||| PLANNING D:1-11
  4417 | Temple   | Became a worshipper of Warmaster Okawaru
  4460 | D:5      | Reached XP level 8. HP: 48/48 MP: 8/8
  4516 | D:5      | Found a broken altar of Ashenzari.
  4656 | D:5      | Reached skill level 5 in Fighting
  4674 | D:5      | 4674 ||| Stepping ~*~*~tactically~*~*~ (hiding).
  4682 | D:5      | Gained mutation: You are strong-willed. (Will+) [hidden
                  | potential]
  4748 | D:5      | Noticed Pikel
  4749 | D:5      | 4749 ||| Stepping ~*~*~tactically~*~*~ (stealth).
  4751 | D:5      | 4751 ||| Stepping ~*~*~tactically~*~*~ (hiding).
  4765 | D:5      | Killed Pikel
  4765 | D:5      | Reached * piety under Okawaru
  4810 | D:5      | Identified the +8 sling "Baesun" {freeze, Str+3}
  4847 | D:5      | Killed an unseen horror
  4847 | D:5      | Reached ** piety under Okawaru
  4848 | D:5      | Reached XP level 9. HP: 33/54 MP: 8/10
  5016 | D:5      | Noticed Menkaure
  5017 | D:5      | 5017 ||| INVOKING Heroism.
  5023 | D:5      | Killed Menkaure
  5024 | D:5      | Reached skill level 3 in Invocations
  5027 | D:5      | Gained mutation: You passively dampen the noise of your
                  | surroundings. [hidden potential]
  5027 | D:5      | Lost mutation: You have hidden genetic potential. [hidden
                  | potential expressed]
  5198 | D:5      | 5198 ||| INVOKING Heroism.
  5276 | D:5      | 5276 ||| INVOKING Heroism.
  5454 | D:5      | 5454 ||| READING 2 scrolls of identify.
  5454 | D:5      | 5454 ||| IDENTIFYING red potion
  5455 | D:5      | 5455 ||| DROPPING potion of ambrosia.
  5488 | D:6      | 5488 ||| INVOKING Heroism.
  5520 | D:6      | 5520 ||| Stepping ~*~*~tactically~*~*~ (hiding).
  5522 | D:6      | 5522 ||| Stepping ~*~*~tactically~*~*~ (hiding).
  5525 | D:6      | 5525 ||| INVOKING Heroism.
  5539 | D:6      | 5539 ||| Stepping ~*~*~tactically~*~*~ (stealth).
  5547 | D:6      | 5547 ||| Stepping ~*~*~tactically~*~*~ (stealth).
  5600 | D:6      | 5600 ||| Stepping ~*~*~tactically~*~*~ (hiding).
  5603 | D:6      | 5603 ||| Stepping ~*~*~tactically~*~*~ (hiding).
  5726 | D:6      | Found a hazy altar of Hepliaklqana.
  5739 | D:6      | 5739 ||| Stepping ~*~*~tactically~*~*~ (hiding).
  5742 | D:6      | 5742 ||| Stepping ~*~*~tactically~*~*~ (hiding).
  5743 | D:6      | 5743 ||| Stepping ~*~*~tactically~*~*~ (hiding).
  5745 | D:6      | 5745 ||| Stepping ~*~*~tactically~*~*~ (hiding).
  5764 | D:6      | 5764 ||| INVOKING Heroism.
  5770 | D:6      | Reached skill level 6 in Fighting
  5792 | D:6      | 5792 ||| Stepping ~*~*~tactically~*~*~ (stealth).
  5800 | D:6      | 5800 ||| Stepping ~*~*~tactically~*~*~ (stealth).
  5908 | D:6      | 5908 ||| Stepping ~*~*~tactically~*~*~ (hiding).
  6083 | D:6      | Found a stormy altar of Qazlal.
  6284 | D:6      | Found an ancient bone altar of Kikubaaqudgha.
  6302 | D:6      | 6302 ||| DROPPING +1 scale mail of cold resistance.
  6303 | D:6      | 6303 ||| UPGRADING to +0 pair of gloves.
  6308 | D:6      | 6308 ||| READING scroll labelled COSTAQ DE JIJ.
  6309 | D:6      | 6309 ||| READING scroll labelled BYOSIA FUFAFF.
  6310 | D:6      | 6310 ||| READING 2 scrolls of identify.
  6310 | D:6      | 6310 ||| IDENTIFYING grey potion
  6330 | D:7      | Found a sand-covered staircase.
  6331 | D:7      | 6331 ||| PLANNING OSSUARY
  6331 | D:7      | 6331 ||| Stepping ~*~*~tactically~*~*~ (hiding).
  6333 | D:7      | 6333 ||| Stepping ~*~*~tactically~*~*~ (hiding).
  6339 | D:7      | 6339 ||| INVOKING Heroism.
  6344 | D:7      | 6344 ||| STAIRDANCE
  6407 | Ossuary  | Entered an ossuary
  6408 | Ossuary  | 6408 ||| INVOKING Heroism.
  6426 | Ossuary  | Reached skill level 6 in Armour
  6574 | Ossuary  | 6574 ||| READING scroll labelled REUSAESHUCS.
  6575 | Ossuary  | 6575 ||| DRINKING 5 inky potions.
  6584 | D:7      | 6584 ||| PLANNING D:1-11
  6605 | D:7      | Found a transporter.
  6616 | D:7      | 6616 ||| INVOKING Heroism.
  6630 | D:7      | Reached skill level 9 in Axes
  6630 | D:7      | Reached XP level 10. HP: 60/60 MP: 11/13
  6891 | D:7      | 6891 ||| Stepping ~*~*~tactically~*~*~ (hiding).
  7021 | D:7      | Noticed a kobold demonologist
  7026 | D:7      | Found a transporter.
  7038 | D:7      | Noticed a kobold demonologist
  7136 | D:7      | Reached *** piety under Okawaru
  7441 | D:7      | 7441 ||| UPGRADING to +1 pair of gloves.
  7451 | D:7      | 7451 ||| DROPPING +0 pair of gloves.
  7452 | D:7      | 7452 ||| DRINKING 2 viscous orange potions.
  7477 | D:8      | 7477 ||| Stepping ~*~*~tactically~*~*~ (stealth).
  7486 | D:8      | 7486 ||| Stepping ~*~*~tactically~*~*~ (stealth).
  7494 | D:8      | 7494 ||| INVOKING Heroism.
  7503 | D:8      | Reached skill level 7 in Fighting
  7510 | D:8      | 7510 ||| INVOKING Heroism.
  7539 | D:8      | 7539 ||| INVOKING Heroism.
  7588 | D:8      | Found a basalt altar of Yredelemnul.
  7614 | D:8      | 7614 ||| INVOKING Heroism.
  7619 | D:8      | Noticed Maggie
  7637 | D:8      | Killed Maggie
  7682 | D:8      | Noticed an orange demon
  7692 | D:8      | Killed an orange demon
  7692 | D:8      | Reached **** piety under Okawaru
  7783 | D:8      | 7783 ||| Stepping ~*~*~tactically~*~*~ (stealth).
  7786 | D:8      | 7786 ||| Stepping ~*~*~tactically~*~*~ (stealth).
  7791 | D:8      | 7791 ||| Stepping ~*~*~tactically~*~*~ (stealth).
  7807 | D:8      | Noticed Amaemon
  7808 | D:8      | 7808 ||| INVOKING Heroism.
  7823 | D:8      | Killed Amaemon
  7832 | D:8      | 7832 ||| DROPPING +0 flail.
  7872 | D:8      | 7872 ||| Stepping ~*~*~tactically~*~*~ (hiding).
  7954 | D:8      | Found a hide-covered altar of Uskayaw.
  8094 | D:8      | 8094 ||| FLEEEEING.
  8097 | D:8      | 8097 ||| FLEEEEING.
  8098 | D:8      | 8098 ||| FLEEEEING.
  8109 | D:8      | 8109 ||| Stepping ~*~*~tactically~*~*~ (stealth).
  8205 | D:8      | 8205 ||| Stepping ~*~*~tactically~*~*~ (stealth).
  8217 | D:8      | 8217 ||| Stepping ~*~*~tactically~*~*~ (hiding).
  8218 | D:8      | 8218 ||| Stepping ~*~*~tactically~*~*~ (hiding).
  8383 | D:8      | 8383 ||| READING scroll of enchant weapon.
  8383 | D:8      | 8383 ||| ENCHANTING +1 war axe.
  8502 | D:8      | 8502 ||| DROPPING ring of positive energy.
  8536 | D:9      | 8536 ||| STAIRDANCE
  8572 | D:9      | 8572 ||| STAIRDANCE
  8574 | D:8      | 8574 ||| INVOKING Heroism.
  8579 | D:8      | Reached skill level 8 in Fighting
  8586 | D:8      | Reached skill level 6 in Invocations
  8586 | D:8      | Reached XP level 11. HP: 32/68 MP: 13/15
  8757 | D:9      | 8757 ||| STAIRDANCE
  8759 | D:8      | 8759 ||| INVOKING Heroism.
  8763 | D:8      | Received a gift from Okawaru
  8940 | D:9      | 8940 ||| INVOKING Heroism.
  8964 | D:9      | 8964 ||| DRINKING potion of mutation.
  8964 | D:9      | Lost mutation: You are strong-willed. (Will+) [potion of
                  | mutation]
  8964 | D:9      | Lost mutation: You have sharp toenails. [potion of
                  | mutation]
  8964 | D:9      | Lost mutation: You passively dampen the noise of your
                  | surroundings. [potion of mutation]
  8964 | D:9      | Gained mutation: You have large cloven feet. [potion of
                  | mutation]
  8969 | D:9      | Found a staircase to the Orcish Mines.
  8970 | D:9      | 8970 ||| INVOKING Heroism.
  8991 | D:9      | HP: 17/68 [troll (12)]
  8992 | D:9      | 8992 ||| READING scroll of teleportation.
  8993 | D:9      | 8993 ||| DRINKING 3 potions of heal wounds.
  8996 | D:9      | Found a staircase to the Lair.
  8996 | D:9      | Found a runed translucent door.
  9124 | D:9      | 9124 ||| INVOKING Heroism.
  9174 | D:9      | Found Goteddiv's Armour Boutique.
  9175 | D:9      | 9175 ||| INVOKING Heroism.
  9182 | D:9      | Reached ***** piety under Okawaru
  9184 | D:9      | Identified the +2 cloak of Death's Door {rElec Regen+ SInv}
                  | (Okawaru gifted it to you on level 9 of the Dungeon)
  9184 | D:9      | Received a gift from Okawaru
  9185 | D:9      | HP: 15/68 [yak (10)]
  9186 | D:9      | 9186 ||| DRINKING 2 potions of heal wounds.
  9246 | D:9      | 9246 ||| INVOKING Heroism.
  9415 | D:9      | 9415 ||| Stepping ~*~*~tactically~*~*~ (stealth).
  9417 | D:9      | 9417 ||| Stepping ~*~*~tactically~*~*~ (hiding).
  9420 | D:9      | 9420 ||| Stepping ~*~*~tactically~*~*~ (hiding).
  9421 | D:9      | 9421 ||| Stepping ~*~*~tactically~*~*~ (hiding).
  9422 | D:9      | 9422 ||| Stepping ~*~*~tactically~*~*~ (hiding).
  9423 | D:9      | 9423 ||| INVOKING Heroism.
  9464 | D:9      | 9464 ||| SHOPLISTING +0 shadow dragon scales (1040 gold,
                  | have 592).
  9464 | D:9      | 9464 ||| BUYING +3 pair of mountain boots {steadfast, rC+}
                  | (435 gold).
  9464 | D:9      | Bought the +3 pair of mountain boots {steadfast, rC+} for
                  | 435 gold pieces
  9464 | D:9      | Found the +3 pair of mountain boots {steadfast, rC+}
  9491 | D:9      | 9491 ||| Stepping ~*~*~tactically~*~*~ (stealth).
  9493 | D:9      | 9493 ||| Stepping ~*~*~tactically~*~*~ (stealth).
  9495 | D:9      | 9495 ||| INVOKING Heroism.
  9590 | D:9      | 9590 ||| INVOKING Heroism.
  9653 | D:9      | Found a runed translucent door.
  9653 | D:9      | Identified the +5 falchion of Lastimuj {speed, Str+7 Dex+2}
  9672 | D:9      | Found a runed translucent door.
  9684 | D:9      | Found a runed translucent door.
  9770 | D:9      | Noticed a two-headed ogre
  9771 | D:9      | 9771 ||| Stepping ~*~*~tactically~*~*~ (stealth).
  9772 | D:9      | 9772 ||| Stepping ~*~*~tactically~*~*~ (stealth).
  9774 | D:9      | 9774 ||| INVOKING Heroism.
  9780 | D:9      | Killed a two-headed ogre
  9781 | D:9      | Reached skill level 9 in Invocations
  9853 | D:9      | Found a glowing silver altar of Zin.
  9923 | D:9      | 9923 ||| PLANNING LAIR
  9923 | D:9      | 9923 ||| UPGRADING to +2 cloak of Death's Door {rElec
                  | Regen+ SInv}.
  9933 | D:9      | 9933 ||| DROPPING +0 cloak.
  9934 | D:9      | 9934 ||| UPGRADING to +3 pair of mountain boots {steadfast,
                  | rC+}.
  9944 | D:9      | 9944 ||| DROPPING +1 pair of boots.
  9945 | D:9      | 9945 ||| DROPPING +0 pair of gloves of stealth.
  9946 | D:9      | 9946 ||| UPGRADING to +0 kite shield.
  9956 | D:9      | 9956 ||| DROPPING +0 buckler.
  9967 | Lair:1   | Entered Level 1 of the Lair of Beasts
 10039 | Lair:1   | 10039 ||| INVOKING Heroism.
 10194 | Lair:1   | 10194 ||| INVOKING Heroism.
 10204 | Lair:1   | Reached skill level 6 in Shields
 10204 | Lair:1   | Reached XP level 12. HP: 70/73 MP: 17/19
 10214 | Lair:1   | Found a frozen archway.
 10900 | Lair:1   | 10900 ||| DROPPING ring of flight.
 10901 | Lair:1   | 10901 ||| READING scroll labelled WUCKOEG SUUGECAE.
 10901 | Lair:1   | Identified a scroll of acquirement
 10901 | Lair:1   | 10901 ||| ACQUIRING +0 broad axe of flaming
 10901 | Lair:1   | Acquired a +0 broad axe of flaming
 10903 | Lair:1   | 10903 ||| SWAPPING to +0 broad axe of flaming.
 10904 | Lair:1   | 10904 ||| DROPPING -2 demon whip of venom.
 10905 | Lair:1   | 10905 ||| DROPPING +2 war axe.
 10943 | Lair:2   | 10943 ||| STAIRDANCE
 10948 | Lair:2   | 10948 ||| INVOKING Heroism.
 10950 | Lair:2   | 10950 ||| STAIRDANCE
 10965 | Lair:2   | 10965 ||| STAIRDANCE
 10971 | Lair:2   | 10971 ||| STAIRDANCE
 11075 | Lair:2   | 11075 ||| INVOKING Heroism.
 11094 | Lair:2   | Noticed Urug
 11095 | Lair:2   | 11095 ||| INVOKING Finesse.
 11111 | Lair:2   | Killed Urug
 11176 | Lair:2   | Found a staircase to the Shoals.
 11177 | Lair:2   | 11177 ||| INVOKING Heroism.
 11187 | Lair:2   | Reached skill level 9 in Shields
 11206 | Lair:2   | 11206 ||| Stepping ~*~*~tactically~*~*~ (stealth).
 11213 | Lair:2   | Received a gift from Okawaru
 11245 | Lair:2   | Found a hole to the Spider Nest.
 11267 | Lair:2   | Noticed Sonja
 11268 | Lair:2   | 11268 ||| INVOKING Finesse.
 11277 | Lair:2   | Killed Sonja
 11318 | Lair:2   | 11318 ||| INVOKING Heroism.
 11358 | Lair:2   | 11358 ||| Stepping ~*~*~tactically~*~*~ (stealth).
 11414 | Lair:2   | 11414 ||| INVOKING Heroism.
 11473 | Lair:2   | 11473 ||| DRINKING potion of mutation.
 11473 | Lair:2   | Lost mutation: You have large cloven feet. [potion of
                  | mutation]
 11473 | Lair:2   | Lost mutation: You are occasionally teleported next to
                  | monsters. [potion of mutation]
 11473 | Lair:2   | Gained mutation: You are partially covered in iridescent
                  | scales. (AC +2) [potion of mutation]
 11473 | Lair:2   | Gained mutation: You are vulnerable to heat. (rF-) [potion
                  | of mutation]
 11473 | Lair:2   | Gained mutation: Your spells are a little easier to cast,
                  | but a little less powerful. [potion of mutation]
 11473 | Lair:2   | Gained mutation: You have a pair of small horns on your
                  | head. [potion of mutation]
 11497 | Lair:2   | Noticed a five-headed hydra
 11498 | Lair:2   | 11498 ||| INVOKING Heroism.
 11502 | Lair:2   | Killed a five-headed hydra
 11534 | Lair:2   | Reached skill level 9 in Fighting
 11538 | Lair:2   | Identified the +0 long sword of Resonant Subterfuge {holy,
                  | rF+ Str+3 Int+3}
 11866 | Lair:2   | 11866 ||| DROPPING +0 helmet.
 11889 | Lair:3   | 11889 ||| INVOKING Heroism.
 11928 | Lair:3   | 11928 ||| READING scroll of enchant weapon.
 11928 | Lair:3   | 11928 ||| ENCHANTING +0 broad axe of flaming.
 11989 | Lair:3   | 11989 ||| Stepping ~*~*~tactically~*~*~ (stealth).
 11990 | Lair:3   | 11990 ||| INVOKING Heroism.
 12001 | Lair:3   | Identified the +10 tower shield of the Verdant God {Dex+4}
                  | (Okawaru gifted it to you on level 3 of the Lair of Beasts)
 12001 | Lair:3   | Received a gift from Okawaru
 12018 | Lair:3   | 12018 ||| INVOKING Heroism.
 12019 | Lair:3   | Noticed a catoblepas
 12020 | Lair:3   | 12020 ||| Stepping ~*~*~tactically~*~*~ (stealth).
 12021 | Lair:3   | 12021 ||| Stepping ~*~*~tactically~*~*~ (stealth).
 12025 | Lair:3   | Reached skill level 12 in Axes
 12025 | Lair:3   | Reached XP level 13. HP: 80/80 MP: 18/20
 12041 | Lair:3   | 12041 ||| Stepping ~*~*~tactically~*~*~ (stealth).
 12042 | Lair:3   | 12042 ||| INVOKING Finesse.
 12077 | Lair:3   | 12077 ||| INVOKING Heroism.
 12083 | Lair:3   | Reached skill level 9 in Armour
 12103 | Lair:3   | 12103 ||| INVOKING Finesse.
 12107 | Lair:3   | 12107 ||| INVOKING Heroism.
 12113 | Lair:3   | Reached skill level 3 in Dodging
 12129 | Lair:3   | 12129 ||| Stepping ~*~*~tactically~*~*~ (stealth).
 12150 | Lair:3   | 12150 ||| INVOKING Heroism.
 12151 | Lair:3   | 12151 ||| INVOKING Finesse.
 12152 | Lair:3   | 12152 ||| INVOKING Finesse.
 12278 | Lair:3   | 12278 ||| INVOKING Heroism.
 12477 | Lair:3   | Noticed Sadonosm's ghost (journeyman DgSk)
 12480 | Lair:3   | Found a runed translucent gate.
 12480 | Lair:3   | Found a runed translucent gate.
 12480 | Lair:3   | Found a runed translucent gate.
 12480 | Lair:3   | Noticed a dire elephant
 12510 | Lair:3   | 12510 ||| INVOKING Heroism.
 12773 | Lair:3   | 12773 ||| UPGRADING to +10 tower shield of the Verdant God
                  | {Dex+4}.
 12783 | Lair:3   | 12783 ||| DROPPING +0 kite shield.
 12784 | Lair:3   | 12784 ||| READING scroll labelled GYITOU GUT UFRI.
 12898 | Lair:3   | 12898 ||| READING 4 scrolls of identify.
 12898 | Lair:3   | 12898 ||| IDENTIFYING viscous pink potion
 12899 | Lair:3   | 12899 ||| READING 3 scrolls of identify.
 12899 | Lair:3   | 12899 ||| IDENTIFYING golden potion
 12900 | Lair:3   | 12900 ||| DROPPING potion of invisibility.
 12913 | Lair:4   | 12913 ||| INVOKING Heroism.
 12915 | Lair:4   | 12915 ||| STAIRDANCE
 12956 | Lair:4   | 12956 ||| INVOKING Heroism.
 13002 | Lair:4   | Reached skill level 12 in Shields
 13022 | Lair:4   | 13022 ||| Stepping ~*~*~tactically~*~*~ (stealth).
 13023 | Lair:4   | 13023 ||| Stepping ~*~*~tactically~*~*~ (stealth).
 13163 | Lair:4   | 13163 ||| Stepping ~*~*~tactically~*~*~ (stealth).
 13165 | Lair:4   | 13165 ||| INVOKING Heroism.
 13170 | Lair:4   | 13170 ||| Stepping ~*~*~tactically~*~*~ (stealth).
 13171 | Lair:4   | 13171 ||| Stepping ~*~*~tactically~*~*~ (stealth).
 13244 | Lair:4   | 13244 ||| INVOKING Heroism.
 13284 | Lair:4   | Received a gift from Okawaru
 13411 | Lair:4   | 13411 ||| INVOKING Heroism.
 13543 | Lair:4   | 13543 ||| INVOKING Heroism.
 13556 | Lair:4   | Received a gift from Okawaru
 13675 | Lair:4   | 13675 ||| INVOKING Heroism.
 13676 | Lair:4   | 13676 ||| INVOKING Finesse.
 13791 | Lair:5   | Entered Level 5 of the Lair of Beasts
 13809 | Lair:5   | 13809 ||| INVOKING Heroism.
 13835 | Lair:5   | 13835 ||| Stepping ~*~*~tactically~*~*~ (cloud).
 13840 | Lair:5   | 13840 ||| INVOKING Heroism.
 13860 | Lair:5   | Gained mutation: Your large and strong wings let you fly.
                  | [Gargoyle growth]
 13860 | Lair:5   | Reached XP level 14. HP: 80/86 MP: 21/21
 13860 | Lair:5   | Received a gift from Okawaru
 13867 | Lair:5   | 13867 ||| Stepping ~*~*~tactically~*~*~ (stealth).
 13869 | Lair:5   | 13869 ||| Stepping ~*~*~tactically~*~*~ (hiding).
 13870 | Lair:5   | 13870 ||| Stepping ~*~*~tactically~*~*~ (hiding).
 13876 | Lair:5   | 13876 ||| Stepping ~*~*~tactically~*~*~ (hiding).
 13903 | Lair:5   | 13903 ||| INVOKING Heroism.
 13905 | Lair:5   | Received a gift from Okawaru
 13906 | Lair:5   | 13906 ||| Stepping ~*~*~tactically~*~*~ (cloud).
 13957 | Lair:5   | Identified the +0 pair of gloves of the Mind {rC+ Will+
                  | rCorr Dex+2}
 14082 | Lair:5   | Reached skill level 10 in Fighting
 14090 | Lair:5   | Identified the +12 rapier "Nuuj" {vorpal, Contam Int+5}
 14155 | Lair:5   | 14155 ||| Stepping ~*~*~tactically~*~*~ (stealth).
 14158 | Lair:5   | 14158 ||| Stepping ~*~*~tactically~*~*~ (hiding).
 14275 | Lair:5   | 14275 ||| Stepping ~*~*~tactically~*~*~ (stealth).
 14290 | Lair:5   | 14290 ||| Stepping ~*~*~tactically~*~*~ (stealth).
 14302 | Lair:5   | 14302 ||| INVOKING Heroism.
 14304 | Lair:5   | 14304 ||| Stepping ~*~*~tactically~*~*~ (stealth).
 14305 | Lair:5   | 14305 ||| Stepping ~*~*~tactically~*~*~ (stealth).
 14341 | Lair:5   | 14341 ||| Stepping ~*~*~tactically~*~*~ (hiding).
 14354 | Lair:5   | 14354 ||| Stepping ~*~*~tactically~*~*~ (hiding).
 14372 | Lair:5   | 14372 ||| INVOKING Heroism.
 14377 | Lair:5   | 14377 ||| Stepping ~*~*~tactically~*~*~ (stealth).
 14408 | Lair:5   | 14408 ||| Stepping ~*~*~tactically~*~*~ (stealth).
 14414 | Lair:5   | 14414 ||| INVOKING Heroism.
 14435 | Lair:5   | 14435 ||| Stepping ~*~*~tactically~*~*~ (stealth).
 14500 | Lair:5   | 14500 ||| Stepping ~*~*~tactically~*~*~ (stealth).
 14504 | Lair:5   | 14504 ||| Stepping ~*~*~tactically~*~*~ (hiding).
 14566 | Lair:5   | 14566 ||| Stepping ~*~*~tactically~*~*~ (stealth).
 14568 | Lair:5   | 14568 ||| Stepping ~*~*~tactically~*~*~ (stealth).
 14577 | Lair:5   | 14577 ||| Stepping ~*~*~tactically~*~*~ (hiding).
 14581 | Lair:5   | 14581 ||| INVOKING Heroism.
 14610 | Lair:5   | Reached skill level 15 in Shields
 14624 | Lair:5   | 14624 ||| Stepping ~*~*~tactically~*~*~ (stealth).
 14722 | Lair:5   | 14722 ||| INVOKING Heroism.
 14987 | Lair:5   | 14987 ||| Stepping ~*~*~tactically~*~*~ (stealth).
 14993 | Lair:5   | 14993 ||| INVOKING Heroism.
 15041 | Lair:5   | 15041 ||| INVOKING Heroism.
 15209 | Lair:5   | Found a staircase to the Slime Pits.
 15270 | Lair:5   | 15270 ||| PLANNING D:1-11
 15270 | Lair:5   | 15270 ||| UPGRADING to +1 hat of intelligence.
 15275 | Lair:5   | 15275 ||| UPGRADING to +0 pair of gloves of the Mind {rC+
                  | Will+ rCorr Dex+2}.
 15449 | D:10     | Entered Level 10 of the Dungeon
 15464 | D:10     | 15464 ||| Stepping ~*~*~tactically~*~*~ (hiding).
 15479 | D:10     | 15479 ||| Stepping ~*~*~tactically~*~*~ (stealth).
 15483 | D:10     | 15483 ||| INVOKING Heroism.
 15536 | D:10     | 15536 ||| INVOKING Heroism.
 15560 | D:10     | 15560 ||| FLEEEEING.
 15577 | D:10     | 15577 ||| INVOKING Heroism.
 15578 | D:10     | 15578 ||| INVOKING Finesse.
 15723 | D:10     | Noticed Joseph
 15725 | D:10     | 15725 ||| Stepping ~*~*~tactically~*~*~ (hiding).
 15735 | D:10     | Killed Joseph
 15770 | D:10     | Found a snail-covered altar of Cheibriados.
 15914 | D:10     | 15914 ||| INVOKING Heroism.
 16115 | D:10     | Received a gift from Okawaru
 16122 | D:10     | 16122 ||| READING scroll of enchant weapon.
 16122 | D:10     | 16122 ||| ENCHANTING +1 broad axe of flaming.
 16144 | D:10     | Found a blossoming altar of Fedhas.
 16167 | D:10     | 16167 ||| Stepping ~*~*~tactically~*~*~ (hiding).
 16169 | D:10     | 16169 ||| INVOKING Heroism.
 16304 | D:10     | Found a glowing golden altar of the Shining One.
 16339 | D:10     | 16339 ||| DROPPING ring of wizardry.
 16389 | D:11     | Noticed Psyche
 16400 | D:11     | Killed Psyche
 16671 | D:11     | 16671 ||| INVOKING Heroism.
 16675 | D:11     | Received a gift from Okawaru
 16747 | D:11     | Identified the +2 leather armour "Byikeez" {+Inv rF+ rC+
                  | Dex+3}
 16772 | D:11     | Noticed Erica
 16773 | D:11     | 16773 ||| Stepping ~*~*~tactically~*~*~ (hiding).
 16775 | D:11     | 16775 ||| INVOKING Heroism.
 16776 | D:11     | 16776 ||| INVOKING Finesse.
 16781 | D:11     | Killed Erica
 16888 | D:11     | Found Taytre's Assorted Antiques.
 16906 | D:11     | 16906 ||| BUYING 3 scrolls labelled YNE ILINAFRELI (108
                  | gold).
 16906 | D:11     | Bought 3 scrolls labelled YNE ILINAFRELI for 108 gold
                  | pieces
 16906 | D:11     | 16906 ||| BUYING potion of mutation (288 gold).
 16906 | D:11     | Bought a potion of mutation for 288 gold pieces
 16906 | D:11     | 16906 ||| BUYING scroll of enchant weapon (270 gold).
 16906 | D:11     | Bought a scroll of enchant weapon for 270 gold pieces
 16906 | D:11     | 16906 ||| BUYING scroll of identify (72 gold).
 16906 | D:11     | Bought a scroll of identify for 72 gold pieces
 16906 | D:11     | 16906 ||| READING scroll of enchant weapon.
 16906 | D:11     | 16906 ||| ENCHANTING +2 broad axe of flaming.
 17001 | D:11     | 17001 ||| INVOKING Heroism.
 17127 | D:11     | 17127 ||| INVOKING Heroism.
 17151 | D:11     | 17151 ||| PLANNING D
 17151 | D:11     | 17151 ||| READING 4 scrolls labelled YNE ILINAFRELI.
 17252 | D:11     | 17252 ||| DROPPING 3 scrolls of silence.
 17307 | D:12     | 17307 ||| INVOKING Heroism.
 17474 | D:12     | Reached XP level 15. HP: 92/92 MP: 22/22
 17578 | D:12     | 17578 ||| INVOKING Heroism.
 17589 | D:12     | Received a gift from Okawaru
 17691 | D:12     | 17691 ||| Stepping ~*~*~tactically~*~*~ (hiding).
 17693 | D:12     | 17693 ||| Stepping ~*~*~tactically~*~*~ (hiding).
 17694 | D:12     | 17694 ||| Stepping ~*~*~tactically~*~*~ (hiding).
 17695 | D:12     | 17695 ||| Stepping ~*~*~tactically~*~*~ (hiding).
 17697 | D:12     | 17697 ||| Stepping ~*~*~tactically~*~*~ (hiding).
 17698 | D:12     | 17698 ||| Stepping ~*~*~tactically~*~*~ (hiding).
 17832 | D:12     | 17832 ||| INVOKING Heroism.
 17869 | D:12     | 17869 ||| Stepping ~*~*~tactically~*~*~ (hiding).
 17870 | D:12     | 17870 ||| Stepping ~*~*~tactically~*~*~ (hiding).
 18218 | D:12     | 18218 ||| INVOKING Heroism.
 18294 | D:13     | 18294 ||| Stepping ~*~*~tactically~*~*~ (hiding).
 18303 | D:13     | Received a gift from Okawaru
 18318 | D:13     | 18318 ||| READING scroll of acquirement.
 18318 | D:13     | 18318 ||| ACQUIRING +3 pair of gauntlets of War {Slay+5}
 18318 | D:13     | Acquired the +3 pair of gauntlets of War {Slay+5}
 18318 | D:13     | Found the +3 pair of gauntlets of War {Slay+5}
 18320 | D:13     | 18320 ||| UPGRADING to +3 pair of gauntlets of War
                  | {Slay+5}.
 18330 | D:13     | 18330 ||| DROPPING +1 pair of gloves.
 18335 | D:13     | 18335 ||| SWAPPING to +4 broad axe of freezing.
 18355 | D:13     | 18355 ||| Stepping ~*~*~tactically~*~*~ (hiding).
 18369 | D:13     | 18369 ||| Stepping ~*~*~tactically~*~*~ (stealth).
 18377 | D:13     | 18377 ||| INVOKING Heroism.
 18392 | D:13     | Reached skill level 11 in Fighting
 18531 | D:13     | 18531 ||| Stepping ~*~*~tactically~*~*~ (hiding).
 18687 | D:13     | 18687 ||| Stepping ~*~*~tactically~*~*~ (stealth).
 18688 | D:13     | 18688 ||| Stepping ~*~*~tactically~*~*~ (stealth).
 18842 | D:13     | Found Acosh's Jewellery Shoppe.
 18931 | D:14     | 18931 ||| Stepping ~*~*~tactically~*~*~ (hiding).
 18935 | D:14     | 18935 ||| INVOKING Heroism.
 19018 | D:14     | 19018 ||| Stepping ~*~*~tactically~*~*~ (stealth).
 19021 | D:14     | 19021 ||| Stepping ~*~*~tactically~*~*~ (stealth).
 19029 | D:14     | 19029 ||| INVOKING Heroism.
 19031 | D:14     | 19031 ||| READING 4 scrolls of teleportation.
 19043 | Abyss:3  | Cast into level 3 of the Abyss (a wizard)
 19111 | Abyss:3  | Noticed a Hell Sentinel
 19112 | Abyss:3  | 19112 ||| INVOKING Heroism.
 19113 | Abyss:3  | 19113 ||| INVOKING Finesse.
 19126 | Abyss:3  | Killed a Hell Sentinel
 19126 | Abyss:3  | Received a gift from Okawaru
 19230 | Abyss:3  | Noticed a tentacled starspawn
 19234 | Abyss:3  | 19234 ||| INVOKING Heroism.
 19263 | Abyss:3  | 19263 ||| Stepping ~*~*~tactically~*~*~ (stealth).
 19265 | Abyss:3  | 19265 ||| Stepping ~*~*~tactically~*~*~ (stealth).
 19266 | Abyss:3  | 19266 ||| Stepping ~*~*~tactically~*~*~ (stealth).
 19276 | Abyss:3  | 19276 ||| Stepping ~*~*~tactically~*~*~ (stealth).
 19282 | Abyss:3  | 19282 ||| Stepping ~*~*~tactically~*~*~ (stealth).
 19292 | Abyss:3  | 19292 ||| Stepping ~*~*~tactically~*~*~ (stealth).
 19306 | Abyss:3  | 19306 ||| Stepping ~*~*~tactically~*~*~ (stealth).
 19326 | Abyss:3  | 19326 ||| INVOKING Heroism.
 19329 | Abyss:3  | 19329 ||| Stepping ~*~*~tactically~*~*~ (hiding).
 19335 | Abyss:3  | Killed a tentacled starspawn
 19336 | Abyss:3  | 19336 ||| Stepping ~*~*~tactically~*~*~ (hiding).
 19344 | Abyss:3  | Reached skill level 15 in Axes
 19347 | Abyss:3  | 19347 ||| Stepping ~*~*~tactically~*~*~ (stealth).
 19356 | Abyss:3  | 19356 ||| Stepping ~*~*~tactically~*~*~ (stealth).
 19358 | Abyss:3  | 19358 ||| Stepping ~*~*~tactically~*~*~ (hiding).
 19377 | Abyss:3  | 19377 ||| Stepping ~*~*~tactically~*~*~ (stealth).
 19378 | Abyss:3  | 19378 ||| Stepping ~*~*~tactically~*~*~ (stealth).
 19385 | Abyss:3  | 19385 ||| Stepping ~*~*~tactically~*~*~ (stealth).
 19388 | Abyss:3  | 19388 ||| Stepping ~*~*~tactically~*~*~ (stealth).
 19390 | Abyss:3  | 19390 ||| Stepping ~*~*~tactically~*~*~ (stealth).
 19401 | Abyss:3  | 19401 ||| Stepping ~*~*~tactically~*~*~ (stealth).
 19404 | Abyss:3  | Gained mutation: Armour fits poorly on your strangely
                  | shaped body. [a neqoxec]
 19410 | Abyss:3  | 19410 ||| Stepping ~*~*~tactically~*~*~ (hiding).
 19411 | Abyss:3  | 19411 ||| Stepping ~*~*~tactically~*~*~ (hiding).
 19412 | Abyss:3  | 19412 ||| DRINKING 4 potions of mutation.
 19412 | Abyss:3  | Lost mutation: You are partially covered in iridescent
                  | scales. (AC +2) [potion of mutation]
 19412 | Abyss:3  | Lost mutation: Your spells are a little easier to cast, but
                  | a little less powerful. [potion of mutation]
 19412 | Abyss:3  | Lost mutation: Armour fits poorly on your strangely shaped
                  | body. [potion of mutation]
 19425 | Abyss:3  | Noticed a tentacled starspawn
 19427 | D:14     | Escaped the Abyss
 19435 | D:14     | Received a gift from Okawaru
 19567 | D:14     | 19567 ||| INVOKING Heroism.
 19568 | D:14     | 19568 ||| INVOKING Finesse.
 19569 | D:14     | 19569 ||| Stepping ~*~*~tactically~*~*~ (hiding).
 19809 | D:14     | 19809 ||| Stepping ~*~*~tactically~*~*~ (stealth).
 19811 | D:14     | 19811 ||| Stepping ~*~*~tactically~*~*~ (stealth).
 19819 | D:14     | 19819 ||| INVOKING Heroism.
 19975 | D:14     | 19975 ||| Stepping ~*~*~tactically~*~*~ (stealth).
 19997 | D:14     | 19997 ||| Stepping ~*~*~tactically~*~*~ (stealth).
 20000 | D:14     | 20000 ||| Stepping ~*~*~tactically~*~*~ (stealth).
 20009 | D:14     | Received a gift from Okawaru
 20009 | D:14     | Found the +10 tower shield of Ignorance {rN+ Int-4}
 20013 | D:14     | 20013 ||| Stepping ~*~*~tactically~*~*~ (stealth).
 20022 | D:14     | 20022 ||| Stepping ~*~*~tactically~*~*~ (stealth).
 20237 | D:14     | 20237 ||| Stepping ~*~*~tactically~*~*~ (stealth).
 20240 | D:14     | 20240 ||| Stepping ~*~*~tactically~*~*~ (stealth).
 20247 | D:14     | 20247 ||| Stepping ~*~*~tactically~*~*~ (stealth).
 20248 | D:14     | 20248 ||| Stepping ~*~*~tactically~*~*~ (stealth).
 20249 | D:14     | 20249 ||| Stepping ~*~*~tactically~*~*~ (stealth).
 20252 | D:14     | Reached XP level 16. HP: 101/101 MP: 23/23
 20253 | D:14     | 20253 ||| Stepping ~*~*~tactically~*~*~ (stealth).
 20254 | D:14     | 20254 ||| Stepping ~*~*~tactically~*~*~ (stealth).
 20293 | D:14     | Found a gate to the Vaults.
 20455 | D:14     | 20455 ||| FLEEEEING.
 20461 | D:14     | 20461 ||| FLEEEEING.
 20468 | D:14     | 20468 ||| FLEEEEING.
 20469 | D:14     | 20469 ||| FLEEEEING.
 20470 | D:14     | 20470 ||| FLEEEEING.
 20471 | D:14     | 20471 ||| FLEEEEING.
 20489 | D:14     | Noticed Snorg
 20490 | D:14     | 20490 ||| INVOKING Finesse.
 20499 | D:14     | Killed Snorg
 20548 | D:14     | 20548 ||| INVOKING Heroism.
 20549 | D:14     | 20549 ||| INVOKING Finesse.
 20767 | D:15     | Entered Level 15 of the Dungeon
 20767 | D:15     | Noticed Rupert
 20768 | D:15     | 20768 ||| INVOKING Heroism.
 20769 | D:15     | 20769 ||| INVOKING Finesse.
 20771 | D:15     | 20771 ||| STAIRDANCE
 20810 | D:15     | 20810 ||| INVOKING Heroism.
 20818 | D:15     | Killed Rupert
 20819 | D:15     | Reached skill level 6 in Throwing
 20854 | D:15     | Reached skill level 12 in Fighting
 20859 | D:15     | 20859 ||| Stepping ~*~*~tactically~*~*~ (stealth).
 20860 | D:15     | 20860 ||| INVOKING Heroism.
 20860 | D:15     | Noticed Agnes
 20861 | D:15     | 20861 ||| INVOKING Finesse.
 20865 | D:15     | 20865 ||| SWAPPING to +3 broad axe of flaming.
 20877 | D:15     | 20877 ||| SWAPPING to +4 broad axe of freezing.
 20888 | D:15     | Killed Agnes
 20900 | D:15     | Found a shadowy altar of Dithmenos.
 20993 | D:15     | 20993 ||| INVOKING Heroism.
 20994 | D:15     | 20994 ||| INVOKING Finesse.
 20996 | D:15     | 20996 ||| SWAPPING to +3 broad axe of flaming.
 21001 | D:15     | 21001 ||| SWAPPING to +4 broad axe of freezing.
 21063 | D:15     | 21063 ||| INVOKING Heroism.
 21073 | D:15     | 21073 ||| Stepping ~*~*~tactically~*~*~ (stealth).
 21099 | D:15     | 21099 ||| Stepping ~*~*~tactically~*~*~ (hiding).
 21102 | D:15     | 21102 ||| INVOKING Heroism.
 21129 | D:15     | Found Seluitzi's Antique Armour Boutique.
 21139 | D:15     | 21139 ||| SHOPLISTING glowing plate armour (624 gold, have
                  | 516).
 21242 | D:15     | 21242 ||| Stepping ~*~*~tactically~*~*~ (hiding).
 21325 | D:15     | 21325 ||| INVOKING Heroism.
 21344 | D:15     | Found a staircase to the Depths.
 21424 | D:15     | 21424 ||| PLANNING ORC
 21578 | Orc:1    | Entered Level 1 of the Orcish Mines
 21586 | Orc:1    | 21586 ||| INVOKING Heroism.
 21770 | Orc:2    | Entered Level 2 of the Orcish Mines
 21771 | Orc:2    | 21771 ||| INVOKING Heroism.
 21772 | Orc:2    | 21772 ||| STAIRDANCE
 21816 | Orc:2    | 21816 ||| INVOKING Heroism.
 21849 | Orc:2    | 21849 ||| SWAPPING to +2 vampiric war axe.
 21920 | Orc:2    | 21920 ||| Stepping ~*~*~tactically~*~*~ (stealth).
 21958 | Orc:2    | 21958 ||| Stepping ~*~*~tactically~*~*~ (stealth).
 21969 | Orc:2    | 21969 ||| INVOKING Heroism.
 22061 | Orc:2    | 22061 ||| Stepping ~*~*~tactically~*~*~ (hiding).
 22062 | Orc:2    | 22062 ||| INVOKING Heroism.
 22099 | Orc:2    | 22099 ||| Stepping ~*~*~tactically~*~*~ (stealth).
 22104 | Orc:2    | 22104 ||| Stepping ~*~*~tactically~*~*~ (stealth).
 22150 | Orc:2    | 22150 ||| INVOKING Heroism.
 22331 | Orc:2    | 22331 ||| INVOKING Heroism.
 22358 | Orc:2    | 22358 ||| Stepping ~*~*~tactically~*~*~ (stealth).
 22359 | Orc:2    | 22359 ||| Stepping ~*~*~tactically~*~*~ (stealth).
 22379 | Orc:2    | Found a staircase to the Elven Halls.
 22418 | Orc:2    | 22418 ||| INVOKING Heroism.
 22518 | Orc:2    | 22518 ||| Stepping ~*~*~tactically~*~*~ (hiding).
 22521 | Orc:2    | 22521 ||| Stepping ~*~*~tactically~*~*~ (hiding).
 22522 | Orc:2    | 22522 ||| Stepping ~*~*~tactically~*~*~ (hiding).
 22631 | Orc:2    | 22631 ||| Stepping ~*~*~tactically~*~*~ (hiding).
 22632 | Orc:2    | 22632 ||| Stepping ~*~*~tactically~*~*~ (hiding).
 22636 | Orc:2    | 22636 ||| INVOKING Heroism.
 22667 | Orc:2    | 22667 ||| INVOKING Heroism.
 22741 | Orc:2    | 22741 ||| INVOKING Heroism.
 22754 | Orc:2    | Found Cofail's Antique Armour Emporium.
 22766 | Orc:2    | 22766 ||| BUYING ichor-stained cloak (199 gold).
 22766 | Orc:2    | Bought an ichor-stained cloak for 199 gold pieces
 22766 | Orc:2    | Identified the +0 cloak of Qenof {Dex+4} (You bought it in
                  | a shop on level 2 of the Orcish Mines)
 22834 | Orc:2    | Found Pumamud's Armour Shoppe.
 22835 | Orc:2    | 22835 ||| INVOKING Heroism.
 22957 | Orc:2    | Found Loid's Magic Scroll Shop.
 22958 | Orc:2    | 22958 ||| INVOKING Heroism.
 22967 | Orc:2    | Received a gift from Okawaru
 22976 | Orc:2    | 22976 ||| BUYING scroll of teleportation (33 gold).
 22976 | Orc:2    | Bought a scroll of teleportation for 33 gold pieces
 22983 | Orc:2    | Found Pugic's Armour Boutique.
 22999 | Orc:2    | 22999 ||| INVOKING Heroism.
 23014 | Orc:2    | 23014 ||| BUYING +1 plate armour of Peatuttoph {Rampage rC+
                  | rCorr} (618 gold).
 23014 | Orc:2    | Bought the +1 plate armour of Peatuttoph {Rampage rC+
                  | rCorr} for 618 gold pieces
 23037 | Orc:2    | 23037 ||| INVOKING Heroism.
 23094 | Orc:2    | 23094 ||| INVOKING Heroism.
 23207 | Orc:2    | 23207 ||| DROPPING +0 plate armour.
 23208 | Orc:2    | 23208 ||| DROPPING +2 leather armour "Byikeez" {+Inv rF+
                  | rC+ Dex+3}.
 23209 | Orc:2    | 23209 ||| DROPPING +0 cloak of Qenof {Dex+4}.
 23210 | Orc:2    | 23210 ||| UPGRADING to +3 plate armour of poison
                  | resistance.
 23220 | Orc:2    | 23220 ||| DROPPING +1 plate armour of Idealism {*Corrode
                  | rN+ Will+}.
 23221 | Orc:2    | 23221 ||| UPGRADING to +1 plate armour of Peatuttoph
                  | {Rampage rC+ rCorr}.
 23262 | Orc:1    | 23262 ||| INVOKING Heroism.
 23319 | Orc:1    | 23319 ||| Stepping ~*~*~tactically~*~*~ (hiding).
 23433 | Orc:1    | 23433 ||| PLANNING SPIDER:1-3
 23598 | Spider:1 | Entered Level 1 of the Spider Nest
 23727 | Spider:1 | Received a gift from Okawaru
 23728 | Spider:1 | 23728 ||| Stepping ~*~*~tactically~*~*~ (stealth).
 23729 | Spider:1 | 23729 ||| Stepping ~*~*~tactically~*~*~ (stealth).
 23759 | Spider:1 | 23759 ||| Stepping ~*~*~tactically~*~*~ (stealth).
 23760 | Spider:1 | 23760 ||| Stepping ~*~*~tactically~*~*~ (stealth).
 23771 | Spider:1 | Reached skill level 12 in Armour
 23771 | Spider:1 | 23771 ||| Stepping ~*~*~tactically~*~*~ (hiding).
 23772 | Spider:1 | 23772 ||| INVOKING Heroism.
 23799 | Spider:1 | Reached XP level 17. HP: 98/108 MP: 24/24
 23799 | Spider:1 | 23799 ||| INVOKING Finesse.
 23815 | Spider:1 | Noticed Josephine
 23822 | Spider:1 | Received a gift from Okawaru
 23836 | Spider:1 | Killed Josephine
 23837 | Spider:1 | Reached skill level 13 in Fighting
 24276 | Spider:2 | 24276 ||| INVOKING Heroism.
 24277 | Spider:2 | 24277 ||| INVOKING Finesse.
 24278 | Spider:2 | 24278 ||| STAIRDANCE
 24315 | Spider:2 | 24315 ||| STAIRDANCE
 24375 | Spider:2 | 24375 ||| Stepping ~*~*~tactically~*~*~ (stealth).
 24376 | Spider:2 | 24376 ||| Stepping ~*~*~tactically~*~*~ (stealth).
 24377 | Spider:2 | 24377 ||| FLEEEEING.
 24393 | Spider:2 | 24393 ||| FLEEEEING.
 24394 | Spider:2 | 24394 ||| FLEEEEING.
 24395 | Spider:2 | 24395 ||| FLEEEEING.
 24497 | Spider:2 | 24497 ||| Stepping ~*~*~tactically~*~*~ (stealth).
 24501 | Spider:2 | 24501 ||| Stepping ~*~*~tactically~*~*~ (stealth).
 24507 | Spider:2 | 24507 ||| DRINKING 2 potions of cancellation.
 24540 | Spider:2 | Identified the +1 helmet of Protective Custody {Str+2}
 24556 | Spider:2 | 24556 ||| INVOKING Heroism.
 24597 | Spider:2 | 24597 ||| Stepping ~*~*~tactically~*~*~ (stealth).
 24599 | Spider:2 | 24599 ||| Stepping ~*~*~tactically~*~*~ (stealth).
 24631 | Spider:2 | Received a gift from Okawaru
 24688 | Spider:2 | 24688 ||| Stepping ~*~*~tactically~*~*~ (stealth).
 24695 | Spider:2 | 24695 ||| DRINKING 14 potions of curing.
 24695 | Spider:2 | 24695 ||| (to cure confusion)
 24734 | Spider:2 | 24734 ||| Stepping ~*~*~tactically~*~*~ (stealth).
 24737 | Spider:2 | 24737 ||| Stepping ~*~*~tactically~*~*~ (stealth).
 24740 | Spider:2 | 24740 ||| INVOKING Heroism.
 24781 | Spider:2 | Reached skill level 6 in Dodging
 24782 | Spider:2 | Received a gift from Okawaru
 24795 | Spider:2 | 24795 ||| Stepping ~*~*~tactically~*~*~ (stealth).
 24802 | Spider:2 | 24802 ||| FLEEEEING.
 24803 | Spider:2 | 24803 ||| FLEEEEING.
 24804 | Spider:2 | 24804 ||| FLEEEEING.
 24805 | Spider:2 | 24805 ||| FLEEEEING.
 24806 | Spider:2 | 24806 ||| FLEEEEING.
 24807 | Spider:2 | 24807 ||| FLEEEEING.
 24808 | Spider:2 | 24808 ||| FLEEEEING.
 24809 | Spider:2 | 24809 ||| FLEEEEING.
 24810 | Spider:2 | 24810 ||| FLEEEEING.
 24811 | Spider:2 | 24811 ||| FLEEEEING.
 24812 | Spider:2 | 24812 ||| FLEEEEING.
 24813 | Spider:2 | 24813 ||| FLEEEEING.
 24814 | Spider:2 | 24814 ||| FLEEEEING.
 24816 | Spider:2 | 24816 ||| FLEEEEING.
 24817 | Spider:2 | 24817 ||| FLEEEEING.
 24818 | Spider:2 | 24818 ||| FLEEEEING.
 24819 | Spider:2 | 24819 ||| FLEEEEING.
 24820 | Spider:2 | 24820 ||| FLEEEEING.
 24821 | Spider:2 | 24821 ||| FLEEEEING.
 24822 | Spider:2 | 24822 ||| FLEEEEING.
 24823 | Spider:2 | 24823 ||| FLEEEEING.
 24824 | Spider:2 | 24824 ||| FLEEEEING.
 24825 | Spider:2 | 24825 ||| FLEEEEING.
 24826 | Spider:2 | 24826 ||| FLEEEEING.
 24827 | Spider:2 | 24827 ||| FLEEEEING.
 24853 | Spider:2 | 24853 ||| READING scroll of acquirement.
 24853 | Spider:2 | 24853 ||| ACQUIRING +8 mithril axe "Arga" {speed, Will+}
 24853 | Spider:2 | Acquired the +8 mithril axe "Arga" {speed, Will+}
 24853 | Spider:2 | Found the +8 mithril axe "Arga" {speed, Will+}
 24855 | Spider:2 | 24855 ||| SWAPPING to +8 mithril axe "Arga" {speed, Will+}.
 24856 | Spider:2 | 24856 ||| DROPPING +2 vampiric war axe.
 24857 | Spider:2 | 24857 ||| DROPPING +4 broad axe of freezing.
 24943 | Spider:2 | 24943 ||| INVOKING Heroism.
 25177 | Spider:3 | 25177 ||| STAIRDANCE
 25180 | Spider:2 | Received a gift from Okawaru
 25183 | Spider:3 | 25183 ||| STAIRDANCE
 25185 | Spider:2 | 25185 ||| INVOKING Heroism.
 25215 | Spider:3 | 25215 ||| INVOKING Heroism.
 25355 | Spider:3 | Noticed Jorgrun
 25369 | Spider:3 | Killed Jorgrun
 25369 | Spider:3 | Received a gift from Okawaru
 25418 | Spider:3 | 25418 ||| Stepping ~*~*~tactically~*~*~ (stealth).
 25435 | Spider:3 | 25435 ||| INVOKING Heroism.
 25479 | Spider:3 | 25479 ||| Stepping ~*~*~tactically~*~*~ (stealth).
 25551 | Spider:3 | 25551 ||| INVOKING Heroism.
 25564 | Spider:3 | 25564 ||| INVOKING Finesse.
 25654 | Spider:3 | 25654 ||| INVOKING Finesse.
 25655 | Spider:3 | 25655 ||| INVOKING Heroism.
 25720 | Spider:3 | 25720 ||| Stepping ~*~*~tactically~*~*~ (hiding).
 25919 | Spider:3 | 25919 ||| PLANNING SHOALS:1-3
 25919 | Spider:3 | 25919 ||| DROPPING ring of willpower.
 25920 | Spider:3 | 25920 ||| UPGRADING to ring of protection from fire.
 25922 | Spider:3 | 25922 ||| READING 14 scrolls of identify.
 25922 | Spider:3 | 25922 ||| IDENTIFYING fuming red potion
 25923 | Spider:3 | 25923 ||| DROPPING potion of flight.
 26018 | Shoals:1 | Entered Level 1 of the Shoals
 26036 | Shoals:1 | 26036 ||| INVOKING Heroism.
 26051 | Shoals:1 | Gained mutation: You are clumsy. (Dex -2) [mutagenic glow]
 26057 | Shoals:1 | Received a gift from Okawaru
 26079 | Shoals:1 | Gained mutation: You are very vulnerable to heat. (rF--)
                  | [mutagenic glow]
 26080 | Shoals:1 | 26080 ||| INVOKING Heroism.
 26110 | Shoals:1 | Gained mutation: Your body sometimes deteriorates upon
                  | taking damage. [mutagenic glow]
 26199 | Shoals:1 | 26199 ||| INVOKING Heroism.
 26230 | Shoals:1 | Identified the +0 pair of gloves "Cuej" {Dex+6} (Okawaru
                  | gifted it to you on level 1 of the Shoals)
 26230 | Shoals:1 | Received a gift from Okawaru
 26278 | Shoals:1 | 26278 ||| INVOKING Heroism.
 26282 | Shoals:1 | Noticed a kraken
 26296 | Shoals:1 | Killed a kraken
 26356 | Shoals:1 | Identified Roxanne's Teachings on the Caves
 26356 | Shoals:1 | Noticed Roxanne
 26357 | Shoals:1 | 26357 ||| INVOKING Heroism.
 26358 | Shoals:1 | 26358 ||| INVOKING Finesse.
 26372 | Shoals:1 | Killed Roxanne
 26431 | Shoals:1 | Noticed Kirke
 26432 | Shoals:1 | 26432 ||| Stepping ~*~*~tactically~*~*~ (stealth).
 26434 | Shoals:1 | 26434 ||| INVOKING Heroism.
 26437 | Shoals:1 | 26437 ||| Stepping ~*~*~tactically~*~*~ (hiding).
 26446 | Shoals:1 | Killed Kirke
 26447 | Shoals:1 | Reached XP level 18. HP: 114/114 MP: 23/25
 26457 | Shoals:1 | 26457 ||| DROPPING +3 broad axe of flaming.
 26638 | Shoals:1 | 26638 ||| INVOKING Heroism.
 26646 | Shoals:1 | Reached skill level 18 in Axes
 26941 | Shoals:2 | Found Simezxadub's Antique Weapon Shoppe.
 26942 | Shoals:2 | 26942 ||| INVOKING Heroism.
 26943 | Shoals:2 | Noticed Donald
 26944 | Shoals:2 | 26944 ||| INVOKING Finesse.
 26962 | Shoals:2 | Killed Donald
 27025 | Shoals:2 | 27025 ||| Stepping ~*~*~tactically~*~*~ (hiding).
 27160 | Shoals:2 | 27160 ||| INVOKING Heroism.
 27217 | Shoals:2 | 27217 ||| Stepping ~*~*~tactically~*~*~ (hiding).
 27354 | Shoals:2 | 27354 ||| INVOKING Heroism.
 27409 | Shoals:2 | 27409 ||| INVOKING Heroism.
 27488 | Shoals:2 | 27488 ||| INVOKING Heroism.
 27543 | Shoals:2 | 27543 ||| INVOKING Heroism.
 27578 | Shoals:2 | 27578 ||| Stepping ~*~*~tactically~*~*~ (stealth).
 27614 | Shoals:2 | 27614 ||| Stepping ~*~*~tactically~*~*~ (stealth).
 27616 | Shoals:2 | 27616 ||| Stepping ~*~*~tactically~*~*~ (stealth).
 27721 | Shoals:2 | 27721 ||| Stepping ~*~*~tactically~*~*~ (hiding).
 27727 | Shoals:2 | 27727 ||| INVOKING Heroism.
 27805 | Shoals:2 | 27805 ||| INVOKING Heroism.
 28028 | Shoals:2 | 28028 ||| Stepping ~*~*~tactically~*~*~ (hiding).
 28029 | Shoals:2 | 28029 ||| Stepping ~*~*~tactically~*~*~ (hiding).
 28031 | Shoals:2 | 28031 ||| INVOKING Heroism.
 28046 | Shoals:2 | 28046 ||| DROPPING +3 plate armour of poison resistance.
 28047 | Shoals:2 | 28047 ||| UPGRADING to amulet of the acrobat.
 28052 | Shoals:2 | 28052 ||| READING scroll labelled TEHOAPS IKECS.
 28114 | Shoals:3 | Reached skill level 14 in Fighting
 28355 | Shoals:3 | 28355 ||| Stepping ~*~*~tactically~*~*~ (stealth).
 28358 | Shoals:3 | 28358 ||| Stepping ~*~*~tactically~*~*~ (hiding).
 28359 | Shoals:3 | 28359 ||| Stepping ~*~*~tactically~*~*~ (hiding).
 28397 | Shoals:3 | 28397 ||| Stepping ~*~*~tactically~*~*~ (stealth).
 28715 | Shoals:3 | 28715 ||| PLANNING SPIDER:4
 28715 | Shoals:3 | 28715 ||| DROPPING amulet of guardian spirit.
 28875 | Spider:4 | Entered Level 4 of the Spider Nest
 28876 | Spider:4 | 28876 ||| INVOKING Heroism.
 28878 | Spider:4 | 28878 ||| STAIRDANCE
 28890 | Spider:3 | Reached skill level 18 in Shields
 29019 | Spider:4 | 29019 ||| INVOKING Heroism.
 29041 | Spider:4 | Received a gift from Okawaru
 29047 | Spider:4 | 29047 ||| INVOKING Heroism.
 29118 | Spider:4 | 29118 ||| INVOKING Heroism.
 29161 | Spider:4 | 29161 ||| INVOKING Heroism.
 29175 | Spider:4 | 29175 ||| Stepping ~*~*~tactically~*~*~ (stealth).
 29239 | Spider:4 | Reached skill level 15 in Fighting
 29263 | Spider:4 | 29263 ||| Stepping ~*~*~tactically~*~*~ (stealth).
 29299 | Spider:4 | 29299 ||| INVOKING Heroism.
 29326 | Spider:4 | Received a gift from Okawaru
 29348 | Spider:4 | 29348 ||| INVOKING Heroism.
 29466 | Spider:4 | 29466 ||| INVOKING Heroism.
 29660 | Spider:4 | Reached XP level 19. HP: 124/124 MP: 7/26
 29733 | Spider:4 | 29733 ||| INVOKING Heroism.
 29797 | Spider:4 | Identified the +14 plate armour of Tudaetej {Drain rPois
                  | rF- rN+++} (Okawaru gifted it to you on level 4 of the
                  | Spider Nest)
 29797 | Spider:4 | Received a gift from Okawaru
 29838 | Spider:4 | 29838 ||| INVOKING Finesse.
 29843 | Spider:4 | 29843 ||| INVOKING Heroism.
 30022 | Spider:4 | Got a gossamer rune of Zot
 30228 | Spider:4 | 30228 ||| PLANNING VAULTS:1-4
 30228 | Spider:4 | 30228 ||| DROPPING +3 plate armour of positive energy.
 30229 | Spider:4 | 30229 ||| UPGRADING to +2 hat of stealth.
 30239 | Spider:4 | 30239 ||| DROPPING +1 hat of intelligence.
 30240 | Spider:4 | 30240 ||| UPGRADING to +14 plate armour of Tudaetej {Drain
                  | rPois rF- rN+++}.
 30250 | Spider:4 | 30250 ||| DROPPING ring of fire.
 30571 | Vaults:1 | Entered Level 1 of the Vaults
 30611 | Vaults:1 | 30611 ||| INVOKING Heroism.
 30761 | Vaults:1 | 30761 ||| Stepping ~*~*~tactically~*~*~ (stealth).
 30800 | Vaults:1 | 30800 ||| INVOKING Finesse.
 30990 | Vaults:1 | 30990 ||| Stepping ~*~*~tactically~*~*~ (hiding).
 30991 | Vaults:1 | 30991 ||| Stepping ~*~*~tactically~*~*~ (hiding).
 30992 | Vaults:1 | 30992 ||| Stepping ~*~*~tactically~*~*~ (hiding).
 31105 | Vaults:1 | 31105 ||| Stepping ~*~*~tactically~*~*~ (hiding).
 31203 | Vaults:1 | 31203 ||| INVOKING Heroism.
 31204 | Vaults:1 | 31204 ||| INVOKING Finesse.
 31219 | Vaults:1 | Reached skill level 16 in Fighting
 31377 | Vaults:1 | 31377 ||| Stepping ~*~*~tactically~*~*~ (hiding).
 31507 | Vaults:1 | Noticed Aizul
 31508 | Vaults:1 | 31508 ||| INVOKING Heroism.
 31509 | Vaults:1 | 31509 ||| INVOKING Finesse.
 31515 | Vaults:1 | Killed Aizul
 31571 | Vaults:1 | Noticed Asterion
 31572 | Vaults:1 | 31572 ||| Stepping ~*~*~tactically~*~*~ (hiding).
 31574 | Vaults:1 | 31574 ||| Stepping ~*~*~tactically~*~*~ (hiding).
 31576 | Vaults:1 | 31576 ||| INVOKING Heroism.
 31588 | Vaults:1 | Killed Asterion
 31644 | Vaults:1 | 31644 ||| Stepping ~*~*~tactically~*~*~ (hiding).
 31645 | Vaults:1 | 31645 ||| Stepping ~*~*~tactically~*~*~ (hiding).
 31655 | Vaults:1 | 31655 ||| Stepping ~*~*~tactically~*~*~ (hiding).
 31666 | Vaults:1 | 31666 ||| Stepping ~*~*~tactically~*~*~ (hiding).
 31719 | Vaults:1 | 31719 ||| INVOKING Heroism.
 31738 | Vaults:1 | Received a gift from Okawaru
 31775 | Vaults:1 | 31775 ||| Stepping ~*~*~tactically~*~*~ (hiding).
 31805 | Vaults:1 | Reached skill level 15 in Armour
 31805 | Vaults:1 | 31805 ||| INVOKING Heroism.
 32001 | Vaults:1 | 32001 ||| Stepping ~*~*~tactically~*~*~ (hiding).
 32003 | Vaults:1 | 32003 ||| Stepping ~*~*~tactically~*~*~ (hiding).
 32182 | Vaults:1 | 32182 ||| Stepping ~*~*~tactically~*~*~ (stealth).
 32185 | Vaults:1 | 32185 ||| INVOKING Heroism.
 32210 | Vaults:1 | 32210 ||| READING scroll labelled HIPTOZ JUPRUS.
 32211 | Vaults:1 | 32211 ||| READING scroll labelled TEVVIR RIRUWN.
 32255 | Vaults:2 | 32255 ||| STAIRDANCE
 32293 | Vaults:2 | 32293 ||| INVOKING Heroism.
 32344 | Vaults:2 | Received a gift from Okawaru
 32352 | Vaults:2 | Reached skill level 17 in Fighting
 32399 | Vaults:2 | 32399 ||| INVOKING Heroism.
 32434 | Vaults:2 | 32434 ||| Stepping ~*~*~tactically~*~*~ (stealth).
 32443 | Vaults:2 | Received a gift from Okawaru
 32452 | Vaults:2 | Reached XP level 20. HP: 89/134 MP: 27/27
 32486 | Vaults:2 | 32486 ||| INVOKING Heroism.
 32588 | Vaults:2 | 32588 ||| INVOKING Heroism.
 32714 | Vaults:2 | 32714 ||| Stepping ~*~*~tactically~*~*~ (hiding).
 32798 | Vaults:2 | 32798 ||| Stepping ~*~*~tactically~*~*~ (stealth).
 32882 | Vaults:2 | 32882 ||| FLEEEEING.
 32888 | Vaults:2 | 32888 ||| STAIRDANCE
 32909 | Vaults:2 | 32909 ||| Stepping ~*~*~tactically~*~*~ (hiding).
 33021 | Vaults:2 | 33021 ||| Stepping ~*~*~tactically~*~*~ (hiding).
 33024 | Vaults:2 | 33024 ||| INVOKING Heroism.
 33039 | Vaults:2 | Found a staircase to the Crypt.
 33199 | Vaults:2 | 33199 ||| Stepping ~*~*~tactically~*~*~ (hiding).
 33202 | Vaults:2 | 33202 ||| INVOKING Heroism.
 33217 | Vaults:2 | Reached skill level 18 in Fighting
 33237 | Vaults:2 | 33237 ||| INVOKING Heroism.
 33242 | Vaults:2 | Received a gift from Okawaru
 33358 | Vaults:2 | 33358 ||| INVOKING Heroism.
 33386 | Vaults:2 | 33386 ||| Stepping ~*~*~tactically~*~*~ (hiding).
 33661 | Vaults:2 | 33661 ||| INVOKING Heroism.
 34070 | Vaults:3 | 34070 ||| Stepping ~*~*~tactically~*~*~ (hiding).
 34071 | Vaults:3 | 34071 ||| Stepping ~*~*~tactically~*~*~ (hiding).
 34105 | Vaults:3 | 34105 ||| Stepping ~*~*~tactically~*~*~ (stealth).
 34107 | Vaults:3 | 34107 ||| Stepping ~*~*~tactically~*~*~ (stealth).
 34121 | Vaults:3 | 34121 ||| Stepping ~*~*~tactically~*~*~ (hiding).
 34124 | Vaults:3 | 34124 ||| INVOKING Heroism.
 34128 | Vaults:3 | 34128 ||| Stepping ~*~*~tactically~*~*~ (hiding).
 34129 | Vaults:3 | 34129 ||| Stepping ~*~*~tactically~*~*~ (hiding).
 34294 | Vaults:3 | 34294 ||| FLEEEEING.
 34295 | Vaults:3 | 34295 ||| FLEEEEING.
 34296 | Vaults:3 | 34296 ||| FLEEEEING.
 34399 | Vaults:3 | 34399 ||| INVOKING Heroism.
 34507 | Vaults:3 | 34507 ||| FLEEEEING.
 34512 | Vaults:3 | 34512 ||| FLEEEEING.
 34513 | Vaults:3 | 34513 ||| FLEEEEING.
 34514 | Vaults:3 | 34514 ||| FLEEEEING.
 34515 | Vaults:3 | 34515 ||| FLEEEEING.
 34516 | Vaults:3 | 34516 ||| Stepping ~*~*~tactically~*~*~ (hiding).
 35220 | Vaults:4 | 35220 ||| Stepping ~*~*~tactically~*~*~ (hiding).
 35225 | Vaults:4 | 35225 ||| INVOKING Heroism.
 35226 | Vaults:4 | 35226 ||| INVOKING Finesse.
 35288 | Vaults:4 | 35288 ||| Stepping ~*~*~tactically~*~*~ (hiding).
 35292 | Vaults:4 | 35292 ||| INVOKING Heroism.
 35317 | Vaults:4 | Reached skill level 9 in Throwing
 35444 | Vaults:4 | Identified the amulet "Qieqex" {Reflect rC+ Int+3 SH+5}
 35478 | Vaults:4 | 35478 ||| FLEEEEING.
 35482 | Vaults:4 | 35482 ||| FLEEEEING.
 35483 | Vaults:4 | 35483 ||| FLEEEEING.
 35484 | Vaults:4 | 35484 ||| FLEEEEING.
 35493 | Vaults:4 | 35493 ||| FLEEEEING.
 35494 | Vaults:4 | 35494 ||| FLEEEEING.
 35495 | Vaults:4 | 35495 ||| FLEEEEING.
 35496 | Vaults:4 | 35496 ||| FLEEEEING.
 35501 | Vaults:4 | 35501 ||| FLEEEEING.
 35502 | Vaults:4 | 35502 ||| FLEEEEING.
 35626 | Vaults:4 | Received a gift from Okawaru
 35629 | Vaults:4 | Identified the +6 long sword of the Mosquito {vamp, rPois
                  | Int+4 SInv}
 35935 | Vaults:4 | 35935 ||| INVOKING Heroism.
 35936 | Vaults:4 | 35936 ||| INVOKING Finesse.
 35988 | Vaults:4 | 35988 ||| READING scroll of acquirement.
 35988 | Vaults:4 | 35988 ||| ACQUIRING 761 gold pieces
 35988 | Vaults:4 | Acquired 761 gold pieces
 36012 | Vaults:4 | 36012 ||| Stepping ~*~*~tactically~*~*~ (hiding).
 36014 | Vaults:4 | 36014 ||| INVOKING Heroism.
 36023 | Vaults:4 | 36023 ||| Stepping ~*~*~tactically~*~*~ (hiding).
 36032 | Vaults:4 | Reached XP level 21. HP: 142/142 MP: 28/28
 36118 | Vaults:4 | 36118 ||| Stepping ~*~*~tactically~*~*~ (hiding).
 36227 | Vaults:4 | 36227 ||| INVOKING Heroism.
 36233 | Vaults:4 | Received a gift from Okawaru
 36248 | Vaults:4 | Reached skill level 19 in Fighting
 36296 | Vaults:4 | 36296 ||| INVOKING Heroism.
 36305 | Vaults:4 | Received a gift from Okawaru
 36328 | Vaults:4 | 36328 ||| Stepping ~*~*~tactically~*~*~ (stealth).
 36350 | Vaults:4 | 36350 ||| INVOKING Heroism.
 36354 | Vaults:4 | Found Felooc Fyos's Jewellery Emporium.
 36428 | Vaults:4 | 36428 ||| UPGRADING to amulet "Qieqex" {Reflect rC+ Int+3
                  | SH+5}.
 36438 | Vaults:4 | 36438 ||| DROPPING amulet of the acrobat.
 36439 | Vaults:4 | 36439 ||| UPGRADING to +4 ring of evasion.
 36441 | Vaults:4 | 36441 ||| DROPPING ring of see invisible.
 36442 | Vaults:4 | 36442 ||| DROPPING +6 ring of dexterity.
 36673 | Vaults:4 | 36673 ||| PLANNING SHOALS:4
 37045 | Shoals:4 | Entered Level 4 of the Shoals
 37284 | Shoals:4 | 37284 ||| INVOKING Heroism.
 37287 | Shoals:4 | Identified the +0 tower shield of Lust {Int+3} (Okawaru
                  | gifted it to you on level 4 of the Shoals)
 37287 | Shoals:4 | Received a gift from Okawaru
 37296 | Shoals:4 | 37296 ||| INVOKING Finesse.
 37472 | Shoals:4 | 37472 ||| Stepping ~*~*~tactically~*~*~ (stealth).
 37495 | Shoals:4 | Identified the amulet of Mylessau {Acrobat rElec MP+9}
 37524 | Shoals:4 | 37524 ||| INVOKING Heroism.
 37539 | Shoals:4 | Noticed Polyphemus
 37547 | Shoals:4 | 37547 ||| INVOKING Finesse.
 37561 | Shoals:4 | Killed Polyphemus
 37574 | Shoals:4 | Reached skill level 18 in Armour
 37623 | Shoals:4 | Identified the +1 robe of the Bagpipe {rElec Will+ MP+9
                  | Str-4}
 37706 | Shoals:4 | 37706 ||| Stepping ~*~*~tactically~*~*~ (stealth).
 37708 | Shoals:4 | 37708 ||| Stepping ~*~*~tactically~*~*~ (hiding).
 37721 | Shoals:4 | 37721 ||| INVOKING Heroism.
 37722 | Shoals:4 | 37722 ||| INVOKING Finesse.
 37730 | Shoals:4 | 37730 ||| Stepping ~*~*~tactically~*~*~ (hiding).
 37886 | Shoals:4 | Identified the +1 rapier "Grim" {vorpal, rN+}
 38055 | Shoals:4 | Got a barnacled rune of Zot
 38056 | Shoals:4 | 38056 ||| PLANNING DEPTHS
 38056 | Shoals:4 | 38056 ||| DROPPING amulet of Mylessau {Acrobat rElec MP+9}.
 38416 | Depths:1 | Entered Level 1 of the Depths
 38428 | Depths:1 | Found a one-way gate to the infinite horrors of the Abyss.
 38439 | Depths:1 | 38439 ||| Stepping ~*~*~tactically~*~*~ (stealth).
 38441 | Depths:1 | 38441 ||| Stepping ~*~*~tactically~*~*~ (stealth).
 38443 | Depths:1 | 38443 ||| INVOKING Heroism.
 38500 | Depths:1 | 38500 ||| Stepping ~*~*~tactically~*~*~ (hiding).
 38501 | Depths:1 | 38501 ||| Stepping ~*~*~tactically~*~*~ (hiding).
 38503 | Depths:1 | Noticed Bai Suzhen
 38517 | Depths:1 | Killed Bai Suzhen
 38518 | Depths:1 | 38518 ||| Stepping randomly (cloudy).
 38519 | Depths:1 | 38519 ||| INVOKING Finesse.
 38520 | Depths:1 | 38520 ||| INVOKING Heroism.
 38658 | Depths:1 | 38658 ||| INVOKING Heroism.
 38665 | Depths:1 | 38665 ||| INVOKING Finesse.
 38690 | Depths:1 | Paralysed by a fenstrider witch for 3 turns
 38700 | Depths:1 | Received a gift from Okawaru
 38746 | Depths:1 | 38746 ||| Stepping ~*~*~tactically~*~*~ (cloud).
 38759 | Depths:1 | Reached XP level 22. HP: 91/152 MP: 29/29
 38767 | Depths:1 | Reached skill level 20 in Fighting
 38803 | Depths:1 | 38803 ||| Stepping ~*~*~tactically~*~*~ (hiding).
 38963 | Depths:1 | 38963 ||| Stepping ~*~*~tactically~*~*~ (hiding).
 38964 | Depths:1 | 38964 ||| Stepping ~*~*~tactically~*~*~ (hiding).
 39037 | Depths:1 | 39037 ||| Stepping ~*~*~tactically~*~*~ (stealth).
 39057 | Depths:1 | Found a hazy altar of Hepliaklqana.
 39125 | Depths:1 | Found a gateway to Hell.
 39238 | Depths:1 | 39238 ||| INVOKING Heroism.
 39401 | Depths:2 | 39401 ||| FLEEEEING.
 39402 | Depths:2 | 39402 ||| FLEEEEING.
 39403 | Depths:2 | 39403 ||| FLEEEEING.
 39404 | Depths:2 | 39404 ||| FLEEEEING.
 39405 | Depths:2 | 39405 ||| FLEEEEING.
 39406 | Depths:2 | 39406 ||| FLEEEEING.
 39407 | Depths:2 | 39407 ||| FLEEEEING.
 39408 | Depths:2 | 39408 ||| STAIRDANCE
 39455 | Depths:1 | 39455 ||| Stepping ~*~*~tactically~*~*~ (hiding).
 39565 | Depths:2 | 39565 ||| INVOKING Heroism.
 39580 | Depths:2 | Noticed Sojobo
 39581 | Depths:2 | 39581 ||| INVOKING Finesse.
 39601 | Depths:2 | Killed Sojobo
 39610 | Depths:2 | 39610 ||| INVOKING Heroism.
 39650 | Depths:2 | 39650 ||| Stepping ~*~*~tactically~*~*~ (hiding).
 39780 | Depths:2 | 39780 ||| Stepping ~*~*~tactically~*~*~ (hiding).
 39786 | Depths:2 | 39786 ||| INVOKING Heroism.
 39794 | Depths:2 | Identified the ring of Toligaruno {*Corrode rF- rC+ rN+
                  | Int+7}
 39831 | Depths:2 | 39831 ||| Stepping ~*~*~tactically~*~*~ (hiding).
 39863 | Depths:2 | Noticed a caustic shrike
 39864 | Depths:2 | 39864 ||| INVOKING Finesse.
 39865 | Depths:2 | 39865 ||| INVOKING Heroism.
 39875 | Depths:2 | Killed a caustic shrike
 39876 | Depths:2 | 39876 ||| Stepping ~*~*~tactically~*~*~ (hiding).
 39921 | Depths:2 | 39921 ||| READING 7 scrolls of teleportation.
 39965 | Depths:2 | Found a glowing golden altar of the Shining One.
 39967 | Depths:2 | Found a glowing silver altar of Zin.
 39970 | Depths:2 | Found a white marble altar of Elyvilon.
 40002 | Depths:2 | Noticed a caustic shrike
 40003 | Depths:2 | 40003 ||| INVOKING Heroism.
 40004 | Depths:2 | 40004 ||| INVOKING Finesse.
 40014 | Depths:2 | Killed a caustic shrike
 40050 | Depths:2 | 40050 ||| Stepping ~*~*~tactically~*~*~ (hiding).
 40054 | Depths:2 | 40054 ||| INVOKING Heroism.
 40191 | Depths:2 | 40191 ||| Stepping ~*~*~tactically~*~*~ (hiding).
 40207 | Depths:2 | Reached skill level 21 in Shields
 40208 | Depths:2 | Identified the amulet of Daparhijo {RegenMP +Blink Fly
                  | Int+3 Dex-2}
 40209 | Depths:2 | 40209 ||| INVOKING Heroism.
 40210 | Depths:2 | 40210 ||| INVOKING Finesse.
 40219 | Depths:2 | Identified the amulet of the Everdark {Will+ Regen+}
 40301 | Depths:2 | 40301 ||| FLEEEEING.
 40302 | Depths:2 | 40302 ||| FLEEEEING.
 40303 | Depths:2 | 40303 ||| FLEEEEING.
 40304 | Depths:2 | 40304 ||| FLEEEEING.
 40305 | Depths:2 | 40305 ||| FLEEEEING.
 40306 | Depths:2 | 40306 ||| FLEEEEING.
 40307 | Depths:2 | 40307 ||| FLEEEEING.
 40308 | Depths:2 | 40308 ||| FLEEEEING.
 40309 | Depths:2 | 40309 ||| FLEEEEING.
 40310 | Depths:2 | 40310 ||| FLEEEEING.
 40311 | Depths:2 | 40311 ||| FLEEEEING.
 40312 | Depths:2 | 40312 ||| FLEEEEING.
 40313 | Depths:2 | 40313 ||| FLEEEEING.
 40315 | Depths:2 | 40315 ||| FLEEEEING.
 40316 | Depths:2 | 40316 ||| FLEEEEING.
 40317 | Depths:2 | 40317 ||| FLEEEEING.
 40319 | Depths:2 | 40319 ||| FLEEEEING.
 40320 | Depths:2 | 40320 ||| FLEEEEING.
 40321 | Depths:2 | 40321 ||| FLEEEEING.
 40322 | Depths:2 | 40322 ||| FLEEEEING.
 40323 | Depths:2 | 40323 ||| FLEEEEING.
 40325 | Depths:2 | 40325 ||| INVOKING Heroism.
 40326 | Depths:2 | 40326 ||| INVOKING Finesse.
 40425 | Depths:2 | 40425 ||| Stepping ~*~*~tactically~*~*~ (stealth).
 40429 | Depths:2 | 40429 ||| INVOKING Heroism.
 40430 | Depths:2 | 40430 ||| INVOKING Finesse.
 40484 | Depths:2 | Identified the amulet "Daelea" {rElec Regen+ Dex+4 Slay-5}
 40569 | Depths:2 | 40569 ||| Stepping ~*~*~tactically~*~*~ (stealth).
 40571 | Depths:2 | 40571 ||| INVOKING Heroism.
 40599 | Depths:2 | Found a one-way gate leading to the halls of Pandemonium.
 40710 | Depths:2 | 40710 ||| DROPPING amulet "Daelea" {rElec Regen+ Dex+4
                  | Slay-5}.
 40737 | Depths:3 | 40737 ||| INVOKING Heroism.
 40744 | Depths:3 | 40744 ||| Stepping ~*~*~tactically~*~*~ (hiding).
 40787 | Depths:3 | 40787 ||| INVOKING Heroism.
 40794 | Depths:3 | 40794 ||| INVOKING Finesse.
 40820 | Depths:3 | 40820 ||| Stepping ~*~*~tactically~*~*~ (stealth).
 40821 | Depths:3 | 40821 ||| Stepping ~*~*~tactically~*~*~ (stealth).
 40852 | Depths:3 | 40852 ||| Stepping ~*~*~tactically~*~*~ (hiding).
 40856 | Depths:3 | 40856 ||| INVOKING Heroism.
 40857 | Depths:3 | 40857 ||| INVOKING Finesse.
 40879 | Depths:3 | Received a gift from Okawaru
 40880 | Depths:3 | Reached skill level 21 in Fighting
 40941 | Depths:3 | Found an ornate altar of the Wu Jian Council.
 40941 | Depths:3 | Found a shadowy altar of Dithmenos.
 40942 | Depths:3 | Found a burning altar of Makhleb.
 40954 | Depths:3 | 40954 ||| Stepping ~*~*~tactically~*~*~ (hiding).
 40956 | Depths:3 | 40956 ||| INVOKING Heroism.
 41003 | Depths:3 | 41003 ||| Stepping ~*~*~tactically~*~*~ (stealth).
 41004 | Depths:3 | 41004 ||| Stepping ~*~*~tactically~*~*~ (stealth).
 41006 | Depths:3 | 41006 ||| INVOKING Heroism.
 41021 | Depths:3 | Received a gift from Okawaru
 41050 | Depths:3 | 41050 ||| INVOKING Heroism.
 41066 | Depths:3 | 41066 ||| Stepping ~*~*~tactically~*~*~ (hiding).
 41170 | Depths:3 | Found a one-way gateway to a ziggurat.
 41206 | Depths:3 | 41206 ||| Stepping ~*~*~tactically~*~*~ (hiding).
 41248 | Depths:3 | 41248 ||| Stepping ~*~*~tactically~*~*~ (hiding).
 41273 | Depths:3 | 41273 ||| INVOKING Heroism.
 41274 | Depths:3 | 41274 ||| INVOKING Finesse.
 41278 | Depths:3 | Reached skill level 12 in Throwing
 41384 | Depths:3 | 41384 ||| INVOKING Heroism.
 41387 | Depths:3 | 41387 ||| INVOKING Finesse.
 41395 | Depths:3 | Reached XP level 23. HP: 146/160 MP: 23/30
 41467 | Depths:3 | 41467 ||| Stepping ~*~*~tactically~*~*~ (hiding).
 41489 | Depths:3 | Received a gift from Okawaru
 41511 | Depths:3 | 41511 ||| INVOKING Heroism.
 41512 | Depths:3 | 41512 ||| INVOKING Finesse.
 41543 | Depths:3 | 41543 ||| Stepping ~*~*~tactically~*~*~ (hiding).
 41546 | Depths:3 | 41546 ||| Stepping ~*~*~tactically~*~*~ (stealth).
 41551 | Depths:3 | Paralysed by a sphinx for 4 turns
 41555 | Depths:3 | 41555 ||| INVOKING Heroism.
 41586 | Depths:3 | 41586 ||| Stepping ~*~*~tactically~*~*~ (stealth).
 41596 | Depths:3 | 41596 ||| Stepping ~*~*~tactically~*~*~ (stealth).
 41597 | Depths:3 | 41597 ||| Stepping ~*~*~tactically~*~*~ (stealth).
 41603 | Depths:3 | Identified the +4 rapier "Adain" {spect, Str+7 Dex+4}
 41615 | Depths:3 | 41615 ||| INVOKING Heroism.
 41618 | Depths:3 | 41618 ||| Stepping ~*~*~tactically~*~*~ (hiding).
 41624 | Depths:3 | 41624 ||| INVOKING Finesse.
 41636 | Depths:3 | 41636 ||| Stepping ~*~*~tactically~*~*~ (hiding).
 41642 | Depths:3 | HP: 40/160 [living spell/divine providence[a walking divine
                  | tome] (14)]
 41643 | Depths:3 | 41643 ||| READING 7 scrolls of teleportation.
 41644 | Depths:3 | 41644 ||| DRINKING 5 potions of heal wounds.
 41673 | Depths:3 | 41673 ||| FLEEEEING.
 41674 | Depths:3 | 41674 ||| FLEEEEING.
 41675 | Depths:3 | 41675 ||| FLEEEEING.
 41676 | Depths:3 | 41676 ||| FLEEEEING.
 41677 | Depths:3 | 41677 ||| FLEEEEING.
 41690 | Depths:3 | 41690 ||| INVOKING Heroism.
 41694 | Depths:3 | 41694 ||| Stepping ~*~*~tactically~*~*~ (stealth).
 41730 | Depths:3 | 41730 ||| Stepping ~*~*~tactically~*~*~ (hiding).
 41742 | Depths:3 | 41742 ||| Stepping ~*~*~tactically~*~*~ (hiding).
 41756 | Depths:3 | 41756 ||| Stepping ~*~*~tactically~*~*~ (hiding).
 41758 | Depths:3 | 41758 ||| Stepping ~*~*~tactically~*~*~ (hiding).
 41759 | Depths:3 | 41759 ||| Stepping ~*~*~tactically~*~*~ (hiding).
 41760 | Depths:3 | 41760 ||| Stepping ~*~*~tactically~*~*~ (hiding).
 41899 | Depths:3 | 41899 ||| INVOKING Heroism.
 41900 | Depths:3 | 41900 ||| INVOKING Finesse.
 41958 | Depths:3 | Noticed a golden dragon
 41959 | Depths:3 | 41959 ||| INVOKING Finesse.
 41967 | Depths:3 | Killed a golden dragon
 41998 | Depths:3 | 41998 ||| INVOKING Heroism.
 41999 | Depths:3 | 41999 ||| Stepping ~*~*~tactically~*~*~ (stealth).
 42015 | Depths:3 | 42015 ||| Stepping ~*~*~tactically~*~*~ (hiding).
 42137 | Depths:3 | 42137 ||| Stepping ~*~*~tactically~*~*~ (hiding).
 42252 | Depths:3 | 42252 ||| INVOKING Heroism.
 42259 | Depths:3 | 42259 ||| Stepping ~*~*~tactically~*~*~ (hiding).
 42268 | Depths:3 | Reached skill level 22 in Fighting
 42390 | Depths:3 | 42390 ||| Stepping ~*~*~tactically~*~*~ (hiding).
 42394 | Depths:3 | 42394 ||| INVOKING Heroism.
 42547 | Depths:3 | 42547 ||| DROPPING scarf of invisibility.
 42622 | Depths:4 | Entered Level 4 of the Depths
 42623 | Depths:4 | 42623 ||| INVOKING Heroism.
 42624 | Depths:4 | 42624 ||| STAIRDANCE
 42629 | Depths:3 | Received a gift from Okawaru
 42637 | Depths:4 | 42637 ||| STAIRDANCE
 42647 | Depths:3 | 42647 ||| INVOKING Heroism.
 42659 | Depths:4 | 42659 ||| STAIRDANCE
 42670 | Depths:4 | 42670 ||| INVOKING Finesse.
 42679 | Depths:4 | Received a gift from Okawaru
 42736 | Depths:4 | 42736 ||| Stepping ~*~*~tactically~*~*~ (stealth).
 42738 | Depths:4 | 42738 ||| INVOKING Finesse.
 42746 | Depths:4 | 42746 ||| Stepping ~*~*~tactically~*~*~ (hiding).
 42749 | Depths:4 | 42749 ||| INVOKING Heroism.
 42801 | Depths:4 | Identified the ring "Pahih" {Ice *Slow MP+9 Int+8 Dex+4}
 42823 | Depths:4 | Noticed a caustic shrike
 42823 | Depths:4 | Noticed a caustic shrike
 42824 | Depths:4 | 42824 ||| Stepping ~*~*~tactically~*~*~ (stealth).
 42827 | Depths:4 | 42827 ||| INVOKING Heroism.
 42829 | Depths:4 | Noticed a caustic shrike
 42831 | Depths:4 | Killed a caustic shrike
 42836 | Depths:4 | Killed a caustic shrike
 42836 | Depths:4 | Received a gift from Okawaru
 42837 | Depths:4 | Noticed a caustic shrike
 42844 | Depths:4 | Killed a caustic shrike
 42848 | Depths:4 | Killed a caustic shrike
 42848 | Depths:4 | Received a gift from Okawaru
 42896 | Depths:4 | 42896 ||| INVOKING Heroism.
 42955 | Depths:4 | Received a gift from Okawaru
 42956 | Depths:4 | Reached skill level 21 in Armour
 42984 | Depths:4 | Noticed Saint Roka
 42985 | Depths:4 | 42985 ||| INVOKING Heroism.
 42987 | Depths:4 | 42987 ||| Stepping ~*~*~tactically~*~*~ (stealth).
 42995 | Depths:4 | 42995 ||| Stepping ~*~*~tactically~*~*~ (hiding).
 43014 | Depths:4 | Killed Saint Roka
 43099 | Depths:4 | 43099 ||| READING scroll of acquirement.
 43099 | Depths:4 | 43099 ||| ACQUIRING 964 gold pieces
 43099 | Depths:4 | Acquired 964 gold pieces
 43140 | Depths:4 | Noticed a golden dragon
 43141 | Depths:4 | 43141 ||| INVOKING Heroism.
 43142 | Depths:4 | 43142 ||| INVOKING Finesse.
 43148 | Depths:4 | Killed a golden dragon
 43148 | Depths:4 | Received a gift from Okawaru
 43286 | Depths:4 | 43286 ||| Stepping ~*~*~tactically~*~*~ (hiding).
 43288 | Depths:4 | 43288 ||| INVOKING Heroism.
 43429 | Depths:4 | 43429 ||| Stepping ~*~*~tactically~*~*~ (stealth).
 43548 | Depths:4 | 43548 ||| Stepping ~*~*~tactically~*~*~ (hiding).
 43552 | Depths:4 | 43552 ||| INVOKING Heroism.
 43571 | Depths:4 | Noticed a golden dragon
 43572 | Depths:4 | Found a gate to the Realm of Zot.
 43584 | Depths:4 | Noticed a golden dragon
 43586 | Depths:4 | Killed a golden dragon
 43586 | Depths:4 | Received a gift from Okawaru
 43587 | Depths:4 | 43587 ||| Stepping ~*~*~tactically~*~*~ (cloud).
 43588 | Depths:4 | 43588 ||| INVOKING Heroism.
 43603 | Depths:4 | Killed a golden dragon
 43604 | Depths:4 | Reached XP level 24. HP: 73/168 MP: 29/30
 43641 | Depths:4 | 43641 ||| FLEEEEING.
 43936 | Depths:4 | 43936 ||| INVOKING Heroism.
 43977 | Depths:4 | 43977 ||| Stepping ~*~*~tactically~*~*~ (stealth).
 43979 | Depths:4 | 43979 ||| Stepping ~*~*~tactically~*~*~ (hiding).
 43980 | Depths:4 | 43980 ||| Stepping ~*~*~tactically~*~*~ (hiding).
 43988 | Depths:4 | Received a gift from Okawaru
 44092 | Depths:4 | 44092 ||| PLANNING VAULTS:5
 44092 | Depths:4 | 44092 ||| DROPPING +0 fire dragon scales.
 44419 | Vaults:5 | Entered Level 5 of the Vaults
 44420 | Vaults:5 | 44420 ||| INVOKING Heroism.
 44421 | Vaults:5 | 44421 ||| STAIRDANCE
 44444 | Vaults:5 | 44444 ||| STAIRDANCE
 44468 | Vaults:5 | 44468 ||| STAIRDANCE
 44470 | Vaults:4 | 44470 ||| INVOKING Heroism.
 44474 | Vaults:4 | Received a gift from Okawaru
 44496 | Vaults:5 | 44496 ||| STAIRDANCE
 44513 | Vaults:5 | 44513 ||| STAIRDANCE
 44522 | Vaults:5 | 44522 ||| STAIRDANCE
 44536 | Vaults:5 | 44536 ||| STAIRDANCE
 44554 | Vaults:5 | 44554 ||| INVOKING Heroism.
 44562 | Vaults:5 | 44562 ||| STAIRDANCE
 44565 | Vaults:4 | Identified the +0 hat "Joixzum" {Rampage Int+4 Dex-2}
                  | (Okawaru gifted it to you on level 4 of the Vaults)
 44565 | Vaults:4 | Received a gift from Okawaru
 44601 | Vaults:4 | 44601 ||| DROPPING +0 hat "Joixzum" {Rampage Int+4 Dex-2}.
 44605 | Vaults:5 | 44605 ||| STAIRDANCE
 44636 | Vaults:5 | 44636 ||| INVOKING Heroism.
 44710 | Vaults:5 | 44710 ||| Stepping ~*~*~tactically~*~*~ (hiding).
 44736 | Vaults:5 | 44736 ||| FLEEEEING.
 44783 | Vaults:5 | 44783 ||| INVOKING Heroism.
 44817 | Vaults:5 | 44817 ||| Stepping ~*~*~tactically~*~*~ (stealth).
 44825 | Vaults:5 | 44825 ||| INVOKING Heroism.
 44866 | Vaults:5 | Reached skill level 23 in Fighting
 44867 | Vaults:5 | 44867 ||| INVOKING Heroism.
 44936 | Vaults:5 | Got a silver rune of Zot
 44966 | Vaults:5 | 44966 ||| Stepping ~*~*~tactically~*~*~ (hiding).
 45024 | Vaults:5 | 45024 ||| Stepping ~*~*~tactically~*~*~ (stealth).
 45026 | Vaults:5 | 45026 ||| Stepping ~*~*~tactically~*~*~ (hiding).
 45149 | Vaults:5 | 45149 ||| Stepping ~*~*~tactically~*~*~ (stealth).
 45212 | Vaults:5 | 45212 ||| Stepping ~*~*~tactically~*~*~ (hiding).
 45217 | Vaults:5 | 45217 ||| INVOKING Heroism.
 45248 | Vaults:5 | 45248 ||| Stepping ~*~*~tactically~*~*~ (hiding).
 45261 | Vaults:5 | 45261 ||| INVOKING Heroism.
 45280 | Vaults:5 | 45280 ||| Stepping ~*~*~tactically~*~*~ (hiding).
 45317 | Vaults:5 | 45317 ||| Stepping ~*~*~tactically~*~*~ (hiding).
 45318 | Vaults:5 | 45318 ||| Stepping ~*~*~tactically~*~*~ (hiding).
 45324 | Vaults:5 | 45324 ||| Stepping ~*~*~tactically~*~*~ (stealth).
 45379 | Vaults:5 | 45379 ||| Stepping ~*~*~tactically~*~*~ (stealth).
 45380 | Vaults:5 | 45380 ||| Stepping ~*~*~tactically~*~*~ (stealth).
 45482 | Vaults:5 | 45482 ||| Stepping ~*~*~tactically~*~*~ (hiding).
 45506 | Vaults:5 | 45506 ||| Stepping ~*~*~tactically~*~*~ (stealth).
 45507 | Vaults:5 | 45507 ||| Stepping ~*~*~tactically~*~*~ (stealth).
 45509 | Vaults:5 | 45509 ||| Stepping ~*~*~tactically~*~*~ (hiding).
 45549 | Vaults:5 | 45549 ||| INVOKING Heroism.
 45563 | Vaults:5 | 45563 ||| Stepping ~*~*~tactically~*~*~ (hiding).
 45578 | Vaults:5 | 45578 ||| Stepping ~*~*~tactically~*~*~ (hiding).
 45584 | Vaults:5 | 45584 ||| INVOKING Heroism.
 45619 | Vaults:5 | 45619 ||| INVOKING Heroism.
 45621 | Vaults:5 | 45621 ||| Stepping ~*~*~tactically~*~*~ (hiding).
 45645 | Vaults:5 | 45645 ||| Stepping ~*~*~tactically~*~*~ (hiding).
 45803 | Vaults:5 | 45803 ||| INVOKING Heroism.
 45868 | Vaults:5 | Noticed an ancient lich
 45869 | Vaults:5 | 45869 ||| INVOKING Heroism.
 45879 | Vaults:5 | Identified the +8 shortbow of Vureoshru {venom, rCorr}
 45887 | Vaults:5 | Killed an ancient lich
 45889 | Vaults:5 | Identified the +3 leather armour "Wued" {Drain +Inv rPois
                  | Will+++}
 45912 | Vaults:5 | 45912 ||| INVOKING Heroism.
 46060 | Vaults:5 | 46060 ||| Stepping ~*~*~tactically~*~*~ (hiding).
 46501 | Vaults:5 | 46501 ||| PLANNING SHOPPING SPREE
 46658 | D:15     | 46658 ||| BUYING glowing plate armour (624 gold).
 46658 | D:15     | Bought a glowing plate armour for 624 gold pieces
 46693 | D:15     | 46693 ||| DROPPING +1 plate armour of positive energy.
 46853 | D:9      | 46853 ||| PLANNING ZOT:1-4
 47188 | Zot:1    | Entered Level 1 of the Realm of Zot
 47191 | Zot:1    | 47191 ||| INVOKING Heroism.
 47266 | Zot:1    | Reached XP level 25. HP: 171/177 MP: 30/30
 47269 | Zot:1    | Identified the +9 flail of the Orcish Mines {venom, rCorr}
 47275 | Zot:1    | Received a gift from Okawaru
 47278 | Zot:1    | 47278 ||| INVOKING Heroism.
 47323 | Zot:1    | Reached skill level 24 in Fighting
 47451 | Zot:1    | 47451 ||| INVOKING Heroism.
 47453 | Zot:1    | 47453 ||| Stepping ~*~*~tactically~*~*~ (cloud).
 47465 | Zot:1    | 47465 ||| Stepping ~*~*~tactically~*~*~ (cloud).
 47470 | Zot:1    | 47470 ||| Stepping ~*~*~tactically~*~*~ (cloud).
 47473 | Zot:1    | Received a gift from Okawaru
 47541 | Zot:1    | 47541 ||| UPGRADING to +0 gold dragon scales.
 47551 | Zot:1    | 47551 ||| READING scroll of enchant armour.
 47551 | Zot:1    | 47551 ||| ENCHANTING +0 gold dragon scales.
 47569 | Zot:2    | 47569 ||| Stepping ~*~*~tactically~*~*~ (stealth).
 47570 | Zot:2    | 47570 ||| Stepping ~*~*~tactically~*~*~ (stealth).
 47576 | Zot:2    | 47576 ||| INVOKING Heroism.
 47590 | Zot:2    | 47590 ||| Stepping ~*~*~tactically~*~*~ (hiding).
 47616 | Zot:2    | 47616 ||| INVOKING Heroism.
 47679 | Zot:2    | 47679 ||| INVOKING Heroism.
 47692 | Zot:2    | Received a gift from Okawaru
 47718 | Zot:2    | 47718 ||| Stepping ~*~*~tactically~*~*~ (hiding).
 47720 | Zot:2    | 47720 ||| Stepping ~*~*~tactically~*~*~ (hiding).
 47890 | Zot:2    | 47890 ||| Stepping ~*~*~tactically~*~*~ (hiding).
 47927 | Zot:2    | 47927 ||| Stepping ~*~*~tactically~*~*~ (stealth).
 48375 | Zot:2    | 48375 ||| Stepping ~*~*~tactically~*~*~ (hiding).
 48389 | Zot:2    | 48389 ||| INVOKING Heroism.
 48391 | Zot:2    | 48391 ||| Stepping ~*~*~tactically~*~*~ (hiding).
 48402 | Zot:2    | Received a gift from Okawaru
 48484 | Zot:2    | 48484 ||| INVOKING Heroism.
 48518 | Zot:2    | 48518 ||| INVOKING Heroism.
 48636 | Zot:2    | 48636 ||| INVOKING Heroism.
 48650 | Zot:2    | HP: 42/180 [purple draconian shifter/bolt of dispelling
                  | energy[a white draconian stormcaller] (19)]
 48651 | Zot:2    | 48651 ||| READING 9 scrolls of teleportation.
 48652 | Zot:2    | 48652 ||| DRINKING 6 potions of heal wounds.
 48888 | Zot:2    | Received a gift from Okawaru
 49217 | Zot:2    | 49217 ||| DROPPING +2 cloak of stealth.
 49311 | Zot:1    | Reached skill level 25 in Fighting
 49334 | Zot:1    | 49334 ||| INVOKING Heroism.
 49384 | Zot:1    | 49384 ||| INVOKING Heroism.
 49519 | Zot:1    | Found the +4 dragonskin cloak
 49519 | Zot:1    | Noticed Tiamat
 49520 | Zot:1    | 49520 ||| INVOKING Heroism.
 49521 | Zot:1    | 49521 ||| INVOKING Finesse.
 49572 | Zot:1    | 49572 ||| DRINKING 4 potions of cancellation.
 49581 | Zot:1    | Killed Tiamat
 49582 | Zot:1    | Reached skill level 15 in Throwing
 49699 | Zot:1    | Noticed an orb of fire
 49700 | Zot:1    | 49700 ||| Stepping ~*~*~tactically~*~*~ (hiding).
 49701 | Zot:1    | 49701 ||| DRINKING 5 potions of resistance.
 49702 | Zot:1    | 49702 ||| INVOKING Heroism.
 49703 | Zot:1    | 49703 ||| INVOKING Finesse.
 49721 | Zot:1    | Killed from afar by an orb of fire

Levels and vault maps discovered:
D:1:      psy_arrival_dodecagon, layout_basic, minmay_quantized
D:2:      layout_basic, hellmonk_ecumenical_altar_crossroads, minmay_hexomino_f4
D:3:      layout_rooms, kennysheep_potato, uniq_sigmund, uniq_robin
D:4:      layout_basic, makhleb_altar_promises_db, serial_shops,
          nicolae_shop_crystal, st_stairs_3, uniq_eustachio
D:5:      layout_basic, ashenzari_conservatory_becter, led_xom_imps,
          minmay_temple_entry_junction_2, nicolae_kite_square_tiling_tiny,
          uniq_menkaure, uniq_pikel
D:6:      layout_basic, lemuel_doored_altar,
          nicolae_kikubaaqudgha_miasma_corner,
          mainiacjoe_overflow_concentric_impassable
D:7:      gammafunk_wand_slinger, layout_basic, enter_ossuary_3
D:8:      layout_loops_cross, mainiacjoe_overflow_cross_hatched,
          amcnicky_altar_gilded, uniq_maggie, uniq_amaemon
D:9:      layout_roguey, zin_academy, lair_entry_dummy,
          kennysheep_orc_monster_closet_entryway, serial_shops, shop_fountains,
          minmay_statue_crystal_thing
D:10:     cheibrodos_frozen_isle, layout_loops_ring,
          mainiacjoe_overflow_six_doors_small, general_overflow_altar,
          mainiacjoe_overflow_alcove_2, serial_bayou, serial_bayou_pond_e,
          serial_bayou_lagoon_a, serial_bayou_crossing, serial_bayou_pond_a,
          serial_bayou_pond_d, serial_bayou_shore_a, uniq_joseph
D:11:     layout_long_grid, serial_shops, shop_statue, nrook_mini_vaults,
          uniq_psyche, uniq_erica
D:12:     layout_cave_pods, grunt_livestock
D:13:     layout_rooms, serial_shops, nicolae_shop_behind_doors
D:14:     minmay_opposing_rooms, layout_loops_cross, david_vaults_5,
          minmay_misc_feat_iff, billiards_dpeg, uniq_snorg
D:15:     hangedman_depths_entry_try_elsewhere_first, layout_rooms,
          nicolae_dithmenos_the_darkroom, serial_shops,
          nicolae_shop_hallway_plus, uniq_rupert, uniq_agnes
Temple:   eino_temple_lava
Lair:1:   layout_cave_pods, portal_ice_cave_entry_ice_simulacra
Lair:2:   layout_gridlike, minmay_shoals_entry_hut, spider_nest_entry_webs,
          serial_bayou_shore_b, uniq_urug, uniq_sonja
Lair:3:   nzn_winding_woodlands_medium [nzn_winding_woodlands_5x5_open_star,
          nzn_winding_woodlands_5x15_concentric,
          nzn_winding_woodlands_hourglass, nzn_winding_woodlands_5x5_perimeter,
          nzn_winding_woodlands_center_triple_pond,
          nzn_winding_woodlands_5x5_cross,
          nzn_winding_woodlands_5x5_checkerboard,
          nzn_winding_woodlands_5x15_default, nzn_winding_woodlands_5x5_three],
          layout_hall_layers, gammafunk_ghost_split
Lair:4:   lemuel_slime, layout_long_grid, grunt_megastairs_5
Lair:5:   hangedman_lair_caniforms_friends, layout_regular_city,
          dpeg_slime_entry_corner, bobbens_dragon_lair_wall
Shoals:1: layout_shoals, nicolae_shoals_lost_giant_pillars, uniq_roxanne,
          uniq_kirke
Shoals:2: layout_shoals, serial_shops, nicolae_shop_waterfront,
          hangedman_shoals_cup_caves, uniq_donald
Shoals:3: layout_shoals
Shoals:4: shoals_end_hangedman, layout_shoals, uniq_polyphemus
Spider:1: nicolae_spider_hilbert_zone_5 [nicolae_spider_hilbert_3_sides_1_open,
          nicolae_spider_hilbert_4_sides_1_open,
          nicolae_spider_hilbert_4_sides_1_open,
          nicolae_spider_hilbert_6_sides_1_open,
          nicolae_spider_hilbert_6_sides_1_open], uniq_josephine
Spider:2: layout_spider_delve
Spider:3: layout_spider_delve, drop_trap, uniq_jorgrun
Spider:4: grunt_spider_rune_circles, hangedman_spider_mandibles,
          guppyfry_spider_mini_1
Orc:1:    layout_caves
Orc:2:    pubby_orc_utopia
Vaults:1: grunt_vaults_swirl, nicolae_vaults_rhombus_5,
          nicolae_vaults_disjoint_gnomons, nicolae_vaults_three_branches,
          vaults_room_octagon, vaults_room_octagon, ontoclasm_vaults_twist,
          nicolae_vaults_angled_halls, v_misc_11, vaults_dpeg_emergency_exit,
          v_misc_5, v_misc_5, layout_vaults_maze, uniq_aizul, uniq_asterion
Vaults:2: minmay_crypt_entry_nasty_monster, hangedman_vaults_slice, v_misc_1,
          vaults_room_boxed, vaults_room_semicircle, dpeg_vaults_monster_row,
          layout_vaults_chaotic_city, uniq_margery
Vaults:3: v_rooms_2, v_alt_pattern_3, v_misc_17, v_misc_13,
          vaults_mumra_minichess_inversion, nicolae_vaults_theta,
          nicolae_vaults_ring_of_whatevers, layout_vaults_omnigrid
Vaults:4: vaults_mumra_chevron_long, hangedman_vaults_nodes, v_misc_4,
          hangedman_vaults_corner_blocks, v_pattern_1,
          nicolae_vaults_statue_guard, ontoclasm_vaults_bender,
          dpeg_vaults_monster_box, nicolae_vaults_specimen_jars,
          hangedman_vaults_slice, ontoclasm_vaults_gateway, v_misc_8,
          layout_vaults_omnibox, serial_shops, nicolae_shop_advertising_works
          [nicolae_subvault_shop_adworks]
Vaults:5: serial_shops
Depths:1: nicolae_terramorphic_expanse [nicolae_terramorphic_quarter,
          nicolae_terramorphic_quarter, nicolae_terramorphic_quarter,
          nicolae_terramorphic_quarter, nicolae_terramorphic_quarter,
          nicolae_terramorphic_biome, nicolae_terramorphic_biome,
          nicolae_terramorphic_biome, nicolae_terramorphic_biome],
          layout_gridville, nicolae_hepliaklqana_hippocampus, hell_entry,
          abyss_entry_small_statue_room, kennysheep_two_boxes, uniq_bai_suzhen
Depths:2: minmay_the_grid_triangle_9x9_recursive_3_mashed
          [minmay_the_grid_triangle_9x9_stretched_checkered,
          minmay_the_grid_triangle_9x9_warning,
          minmay_the_grid_triangle_9x9_cache,
          minmay_the_grid_triangle_9x9_prize_special,
          minmay_the_grid_triangle_9x9_semitri,
          minmay_the_grid_triangle_9x9_descending_squares,
          minmay_the_grid_triangle_9x9_impossible_snake,
          minmay_the_grid_triangle_9x9_sprig,
          minmay_the_grid_triangle_9x9_intruding_spiral], layout_twisted_cross,
          hell_entry, pan_entry, good_gods_temple_1, abyss_entry,
          infiniplex_staircase_pillars_3a, uniq_sojobo
Depths:3: hangedman_slaughterboxes, serial_shops, hell_entry, abyss_entry
Depths:4: grunt_zot_entry_bicorn, layout_honeycomb, nicolae_eternal_life,
          pf_vacation_house_of_asmodeus, rand_demon_pan_entry_8, st_stairs_3,
          uniq_saint_roka
Zot:1:    layout_misc_corridors, hangedman_zot_spectrum, uniq_tiamat
Zot:2:    layout_basic, grunt_megastairs_3

Skill      XL: |  1  2  3  4  5  6  7  8  9 10 11 12 13 14 15 16 17 18 19 20 21 22 23 24 25 |
---------------+----------------------------------------------------------------------------+-----
Axes           | 2 3 4 5 7 9 10 12 13 15 16 17 18 | 18.0
Throwing       | 1 4 5 6 8 9 11 12 13 15 | 15.1
Dodging        | 1 2 3 4 5 6 7 8 |  8.1
Fighting       | 4 5 6 8 9 10 11 12 13 15 17 18 19 21 22 23 25 | 25.0
Armour         | 4 5 6 7 8 9 10 11 12 13 15 17 18 19 21 22 | 22.1
Invocations    | 2 4 6 9 10 | 10.1
Shields        | 4 6 10 14 15 16 17 18 19 20 21 22 | 22.0

Action                   |  1- 3 |  4- 6 |  7- 9 | 10-12 | 13-15 | 16-18 | 19-21 | 22-24 | 25-27 || total
-------------------------+-------+-------+-------+-------+-------+-------+-------+-------+-------++-------
Melee: War axe           |    94 |    88 |   160 |   377 |       |   431 |       |       |       ||  1150
       Broad axe         |       |       |       |   125 |   772 |   750 |  1156 |  1308 |   431 ||  4542
       Headbutt          |       |       |       |    10 |   200 |   310 |   376 |   458 |   156 ||  1510
Throw: Javelin           |       |    21 |    22 |    30 |   137 |   101 |    69 |    64 |    24 ||   468
       Boomerang         |       |     6 |    42 |    47 |    22 |   109 |    95 |     4 |       ||   325
Invok: Heroism           |       |       |     9 |    27 |    43 |    59 |    33 |    54 |    13 ||   238
       Finesse           |       |       |       |     2 |     8 |    11 |    11 |    17 |     2 ||    51
  Use: Scroll            |     2 |     5 |     9 |     4 |     8 |     3 |     3 |     3 |     2 ||    39
       Potion            |       |     5 |     1 |     5 |     1 |     2 |       |     1 |     3 ||    18
 Stab: Petrifying        |       |       |       |       |       |       |     6 |       |       ||     6
       Petrified         |       |       |       |       |       |       |     3 |       |       ||     3
       Distracted        |       |       |       |       |       |       |       |     1 |       ||     1
Armor: Scale mail        |    40 |    10 |       |       |       |       |       |       |       ||    50
       Plate armour      |       |    43 |   136 |   365 |   211 |   208 |   194 |   211 |    13 ||  1381
       Gold dragon scale |       |       |       |       |       |       |       |       |    55 ||    55
Dodge: Dodged            |    40 |    28 |    49 |   211 |    92 |   129 |   108 |   153 |    73 ||   883
Block: Buckler           |    17 |    17 |    46 |   108 |       |       |       |       |       ||   188
       Kite shield       |       |       |       |    96 |    12 |       |       |       |       ||   108
       Tower shield      |       |       |       |       |   857 |  1100 |   894 |   881 |   336 ||  4068
       Reflection        |       |       |       |       |       |       |    18 |    37 |    10 ||    65

Table legend:
 A = Non-vault XP
 B = Vault XP
 C = Vault XP percentage of total XP
 D = Non-vault monster count
 E = Vault monster count
 F = Vault count percentage of total count
                 A         B        C        D         E       F
            +---------+---------+-------+---------+---------+-------
      Total |  556003 |  525310 |  48.6 |    1193 |     872 |  42.2
            +---------+---------+-------+---------+---------+-------
        D:1 |      64 |       4 |   5.9 |      28 |       2 |   6.7
        D:2 |      32 |       9 |  22.0 |      18 |       3 |  14.3
        D:3 |      35 |     271 |  88.6 |      15 |      13 |  46.4
        D:4 |     334 |     225 |  40.3 |      15 |       3 |  16.7
        D:5 |     990 |    1013 |  50.6 |      11 |       6 |  35.3
        D:6 |    1050 |       0 |   0.0 |      23 |       0 |   0.0
        D:7 |     890 |       1 |   0.1 |      20 |       1 |   4.8
        D:8 |    2968 |    1579 |  34.7 |      51 |       3 |   5.6
        D:9 |    5494 |    1388 |  20.2 |      43 |      20 |  31.7
       D:10 |    4213 |    2599 |  38.2 |      20 |      14 |  41.2
       D:11 |    4906 |    1218 |  19.9 |      22 |       2 |   8.3
       D:12 |    6567 |     964 |  12.8 |      19 |       5 |  20.8
       D:13 |    6802 |       0 |   0.0 |      24 |       0 |   0.0
       D:14 |   10991 |    8650 |  44.0 |      20 |      15 |  42.9
       D:15 |   13636 |    5736 |  29.6 |      28 |       6 |  17.6
     Lair:1 |    4824 |       0 |   0.0 |      21 |       0 |   0.0
     Lair:2 |    5004 |    2194 |  30.5 |      23 |       5 |  17.9
     Lair:3 |    4700 |    5473 |  53.8 |      19 |      13 |  40.6
     Lair:4 |   10082 |    1431 |  12.4 |      34 |      23 |  40.4
     Lair:5 |    5790 |   16614 |  74.2 |      19 |      77 |  80.2
   Shoals:1 |   19267 |    3390 |  15.0 |      38 |       5 |  11.6
   Shoals:2 |   17565 |    8868 |  33.5 |      37 |      13 |  26.0
   Shoals:3 |    5854 |       0 |   0.0 |      13 |       0 |   0.0
   Shoals:4 |   13347 |   24294 |  64.5 |      25 |      34 |  57.6
   Spider:1 |    6603 |    7907 |  54.5 |      16 |      17 |  51.5
   Spider:2 |   17510 |       0 |   0.0 |      53 |       0 |   0.0
   Spider:3 |   17874 |    1950 |   9.8 |      37 |       1 |   2.6
   Spider:4 |   26849 |   20717 |  43.6 |      56 |      44 |  44.0
      Orc:1 |    1822 |     154 |   7.8 |      24 |       7 |  22.6
      Orc:2 |       0 |   19414 | 100.0 |       0 |     137 | 100.0
   Vaults:1 |   26925 |   23474 |  46.6 |      40 |      27 |  40.3
   Vaults:2 |   55092 |   13402 |  19.6 |      79 |      17 |  17.7
   Vaults:3 |   16881 |    9652 |  36.4 |      23 |      14 |  37.8
   Vaults:4 |   23733 |   42222 |  64.0 |      36 |      49 |  57.6
   Vaults:5 |   17210 |   64970 |  79.1 |      27 |      52 |  65.8
   Depths:1 |   41023 |   16334 |  28.5 |      48 |      20 |  29.4
   Depths:2 |   23515 |   38510 |  62.1 |      30 |      31 |  50.8
   Depths:3 |    4475 |   95914 |  95.5 |       5 |      89 |  94.7
   Depths:4 |   46793 |   25930 |  35.7 |      45 |      35 |  43.8
      Zot:1 |   23199 |   51808 |  69.1 |      19 |      46 |  70.8
      Zot:2 |   50106 |    4700 |   8.6 |      46 |       4 |   8.0
    Abyss:3 |   10988 |    2071 |  15.9 |      23 |       3 |  11.5
    Ossuary |       0 |     260 | 100.0 |       0 |      16 | 100.0
            +---------+---------+-------+---------+---------+-------
